 Dungeon Crawl Stone Soup version 0.31-a0-152-g6aa68a64a1 (webtiles) character file.

Game seed: 11656636538068344538

1930870 qw the Conqueror (level 24, 216/249 HPs)
             Began as a Minotaur Hunter on June 10, 2023.
             Was an Elder of Okawaru.
             Escaped with the Orb
             ... and 3 runes!
             The game lasted 00:25:27 (49599 turns).

qw the Conqueror (Minotaur Hunter)                 Turns: 49599, Time: 00:25:27

Health: 216/249    AC: 27    Str: 21    XL:     24   Next: 60%
Magic:  36/36      EV: 50    Int:  4    God:    Okawaru [****..]
Gold:   3928       SH:  0    Dex: 36    Spells: 23/23 levels left

rFire   + . .        n - +8 triple crossbow (flame)
rCold   . . .        (shield currently unavailable)
rNeg    . . .        q - quicksilver dragon scales
rPois   .            m - +2 hat
rElec   +            B - +2 cloak of Action {Will+ Dex+3}
rCorr   .            y - +2 pair of gloves {Str+3}
SInv    .            i - +2 pair of slick slippers {slick, slippery, EV+4}
Will    ++++.        v - amulet of faith
Stlth   ++           Y - +6 ring of dexterity
HPRegen 0.61/turn    z - ring of Immorality {rElec rF+ Will+ Int-2 Dex+3}
MPRegen 0.25/turn

%: faith
@: mighty, heroic
A: horns 2, retaliatory headbutt, deformed body, screaming 1, evolution 1,
MP-powered wands
0: Orb of Zot
}: 3/15 runes: decaying, silver, gossamer
a: Renounce Religion, Heroism, Finesse


You escaped.
You worshipped Okawaru.
Okawaru was greatly pleased with you.
You visited 9 branches of the dungeon, and saw 45 of its levels.
You also visited: Ossuary.

You collected 5502 gold pieces.
You spent 1574 gold pieces at shops.


Innate Abilities, Weirdness & Mutations

You have a pair of horns on your head.
You reflexively headbutt those who attack you in melee.
Armour fits poorly on your strangely shaped body.
You occasionally shout uncontrollably at your foes.
You have hidden genetic potential.
You expend magic power (3 MP) to strengthen your wands.


   Skills:
 O Level 27 Fighting
 - Level 22.0(27) Ranged Weapons
 - Level 22.0(27) Armour
 - Level 22.0(27) Dodging
 - Level 0.7(5.7) Stealth
 + Level 21.2 Invocations


You had 23 spell levels left.
You didn't know any spells.
Your spell library was empty.

Inventory:

Hand Weapons
 n - a +8 triple crossbow of flaming (weapon)
Armour
 h - the +2 faerie dragon scales {rF+ rCorr}
   (You took it off the Enchantress on level 4 of the Depths)

   rF:        It protects you from fire.
   rCorr:     It protects you from acid and corrosion.
 i - the +2 pair of slick slippers (worn) {slick, slippery, EV+4}
   (Okawaru gifted it to you on level 2 of the Vaults)

   Slick:     Its wearer cannot be constricted, engulfed, netted or webbed.
   Slippery:  Its wearer slips away from damaging melee attacks, pulling the
   attacker onward.
   EV:        It affects your evasion (+4).
 m - a +2 hat (worn)
 q - quicksilver dragon scales (worn)
 y - a +2 pair of gloves of strength (worn)
 B - the +2 cloak of Action (worn) {Will+ Dex+3}
   (Okawaru gifted it to you on level 4 of the Spider Nest)

   Dex:       It affects your dexterity (+3).
   Will:      It increases your willpower.
Jewellery
 f - an amulet of the acrobat
 k - a +6 ring of dexterity
 v - an amulet of faith (around neck)
 z - the ring of Immorality (right hand) {rElec rF+ Will+ Int-2 Dex+3}
   (You took it off a vault warden on level 5 of the Vaults)

   [ring of willpower]

   Int:       It affects your intelligence (-2).
   Dex:       It affects your dexterity (+3).
   rF:        It protects you from fire.
   rElec:     It insulates you from electricity.
   Will:      It increases your willpower.
 Y - a +6 ring of dexterity (left hand)
Wands
 u - a wand of digging (28)
Scrolls
 a - 10 scrolls of identify
 c - 5 scrolls of enchant armour
 g - 16 scrolls of teleportation
Potions
 d - 23 potions of curing
 e - 3 potions of might
 o - 11 potions of mutation
 t - 3 potions of cancellation
 x - 3 potions of magic

Dungeon Overview and Level Annotations

Branches:
Dungeon (15/15)            Temple (1/1) D:6            Lair (5/5) D:8
  Swamp (4/4) Lair:3       Spider (4/4) Lair:2        Slime (0/5) Lair:5
    Orc (2/2) D:10            Elf (0/3) Orc:2        Vaults (5/5) D:13
  Crypt (0/3) Vaults:2     Depths (4/4) D:15            Zot (5/5) Depths:4
Ossuary (visited)

Altars:
Ashenzari
Cheibriados
Dithmenos
Elyvilon
Fedhas
Gozag
Hepliaklqana
Kikubaaqudgha
Makhleb
Nemelex Xobeh
Okawaru
Qazlal
Ru
Sif Muna
Trog
Uskayaw
Vehumet
Wu Jian
Xom
Yredelemnul
Zin
The Shining One
Jiyva

Shops:
D:6 :   Orc:2 ?**(!   Vaults:3 *   Vaults:5 (   Depths:2 (

Portals:
Hell: Depths:2 Depths:3 Depths:4
Abyss: Depths:3 Depths:4
Pandemonium: Depths:2
Trove: D:14 (give +2 storm dragon scales)

Annotations:
D:10 2 runed translucent doors
D:11 3 runed translucent doors, Onakli's ghost, journeyman DsFi
D:13 1 runed translucent door
Swamp:3 2 transporters, Buem's ghost, adept OgHs
Vaults:3 2 transporters
Depths:2 1 runed translucent door
Zot:2 1 transporter


Message History

The giant cockroach completely misses you.
The giant cockroach misses you.
You shoot a bolt. The bolt misses the quokka.
The quokka misses you. You furiously retaliate!
You headbutt the quokka!
You kill the quokka!
The quokka's corpse dissolves into shadows!
The jackal misses you. You furiously retaliate!
You headbutt the jackal!
You kill the jackal!
The jackal's corpse dissolves into shadows!
The giant cockroach completely misses you.
The jackal completely misses you. You furiously retaliate!
You headbutt the jackal. You shoot a bolt. The bolt hits the jackal!!
The bolt burns the jackal.
You kill the jackal!
The jackal's corpse dissolves into shadows!
The ball python completely misses you.
The giant cockroach completely misses you.
The shadow demon completely misses you. You furiously retaliate!
You headbutt the shadow demon!! You shoot a bolt.
The bolt hits the shadow demon!!!
The bolt burns the shadow demon.
You kill the shadow demon!
Okawaru accepts your kill.
The ball python dissolves into shadows!
The giant cockroach dissolves into shadows!
(D) Dungeon (T) Temple (L) Lair (S) Swamp (N) Spider Nest (M) Slime Pits (O) Orcish Mines (E) Elven Halls (V) Vaults (C) Crypt (U) Depths (H) Hell (Z) Zot
Where to? (* - list waypoints, Enter - D:1 @ (x,y), ? - help)
What level of the Dungeon? (default 1, ? - help)
There is a staircase leading out of the dungeon here.
(D) Dungeon (T) Temple (L) Lair (S) Swamp (N) Spider Nest (M) Slime Pits (O) Orcish Mines (E) Elven Halls (V) Vaults (C) Crypt (U) Depths (H) Hell (Z) Zot
Where to? (* - list waypoints, Enter - D:1 @ (x,y), ? - help)
What level of the Dungeon? (default 1, ? - help) You're already here!
You have escaped!

...#
####..##.....##.....####...
#### ###.#######.#.####
#... # ##.# #.##.# #..# #
#.## ##.##.#######..# #
#..###..##.#........# #
##..#..##..>......... #
#..#..#####......... #
##...## #......... # #.@.#
####...... # ##...##
#####...... # #..#..#
#.......... # ##..#..##
#.######### # #(.###..# #.#
########### #.## ##.# #.#
..........###.# #.###.#
#########..#.## ##.##.#
##..## ##...#


There were no monsters in sight!

Vanquished Creatures
  3 pandemonium lords
  3 ancient liches
  4 dread liches
  5 orbs of fire (Zot:5)
  Sojobo (Vaults:3)
  Parghit (Zot:1)
  Xtahua (Depths:4)
  Bai Suzhen (Spider:4)
  5 Killer Klowns
  7 golden dragons
  Nikola (Depths:1)
  Arachne (Spider:2)
  the Enchantress (Depths:4)
  3 doom hounds (Zot:3)
  2 electric golems (Zot:5)
  Jorgrun (Swamp:1)
  16 tentacled monstrosities
  A walking crystal tome (Depths:4)
  Mlioglotl (Spider:4)
  Grunn (Zot:3)
  An Ice Fiend (Zot:5)
  2 liches
  8 titans
  22 Orb Guardians (Zot:5)
  A walking frostbound tome (Depths:3)
  5 quicksilver dragons
  A titan (shapeshifter) (Depths:3)
  3 thorn hunters
  Gastronok (D:8)
  10 death cobs
  3 sphinxes
  Kirke (D:15)
  Agnes (D:14)
  7 tengu reavers
  Roxanne (D:14)
  7 fenstrider witches
  4 draconian monks
  8 storm dragons
  Donald (Swamp:1)
  8 shadow dragons
  An iron dragon (Vaults:5)
  2 deep elf sorcerers (Vaults:5)
  5 emperor scorpions
  6 fire giants
  13 vault wardens
  Louise (D:15)
  4 draconian knights
  11 ghost moths
  6 draconian scorchers
  A caustic shrike zombie (Depths:3)
  9 frost giants
  4 ghouls
  5 draconian annihilators
  Aizul (Spider:4)
  4 draconian shifters
  2 draconian stormcallers
  2 broodmothers
  2 war gargoyles
  14 very ugly things
  6 spriggan defenders
  19 ironbound preservers
  13 stone giants
  11 ironbound thunderhulks
  2 vampire knights
  6 dire elephants
  9 green draconians
  An eleionoma (Swamp:1)
  17 black draconians
  9 spark wasps
  A bunyip (shapeshifter) (Vaults:5)
  13 purple draconians
  10 red draconians
  20 yellow draconians
  7 white draconians
  13 ettins
  A deep elf death mage (Vaults:5)
  2 green deaths (Swamp:4)
  A crystal guardian (Vaults:3)
  6 fire dragons
  10 yaktaur captains
  28 vault guards
  5 great orbs of eyes
  A shambling mangrove (Swamp:3)
  5 entropy weavers
  Fannar (D:10)
  Erolcha (D:10)
  4 ice dragons
  A peacekeeper (Vaults:3)
  A rakshasa (Depths:1)
  8 hydras
  A caustic shrike simulacrum (Depths:3)
  6 spriggan air magi
  6 ghost crabs
  A catoblepas (Lair:5)
  4 ogre magi
  6 centaur warriors
  11 two-headed ogres
  8 ironbound frosthearts
  8 death yaks (Lair:5)
  11 boulder beetles
  A vampire mage (Depths:2)
  A boulder beetle (shapeshifter) (Vaults:5)
  9 tengu warriors
  2 radroaches
  11 deep troll earth magi
  6 alligators
  3 deep troll shamans
  3 hell hogs (Depths:2)
  5 spriggan berserkers
  10 demonic crawlers
  A sun demon (Zot:2)
  5 orc high priests
  2 hell knights (Depths:4)
  A shadow wraith (Vaults:5)
  Sonja (Lair:1)
  2 soul eaters (Swamp:4)
  11 iron trolls
  A storm dragon zombie (Depths:3)
  6 pharaoh ants
  A sixfirhy (Swamp:4)
  3 skysharks (Lair:3)
  2 death drakes (Swamp:4)
  A sun moth (Spider:3)
  Lodul (D:12)
  6 skeletal warriors (Vaults:2)
  3 shadow demons
  4 swamp dragons
  61 deep trolls
  7 orb spiders
  A tengu zombie (Vaults:2)
  8 bog bodies
  2 glowing orange brains
  7 spriggan druids
  3 phantasmal warriors (Vaults:5)
  9 steelbarb worms
  8 wizards
  7 lindwurms
  8 necromancers
  22 ironbound convokers
  5 harpies
  6 orc knights
  6 deep elf pyromancers
  3 deep elf zephyrmancers (Swamp:4)
  8 orc sorcerers
  2 oklob plants (Lair:2)
  16 wolf spiders
  6 cyclopes
  6 will-o-the-wisps
  36 ugly things
  2 manticores (D:14)
  7 elephants (Lair:5)
  24 moths of wrath
  2 tengu skeletons (Vaults:2)
  A toenail golem (Zot:5)
  Joseph (D:9)
  3 black mambas
  18 vault sentinels
  4 human skeletons (Vaults:2)
  A stone giant skeleton (Vaults:2)
  A smoke demon (Zot:5)
  6 cane toads
  6 torpor snails
  2 orange demons
  2 hellions
  2 kobold demonologists (D:10)
  2 freezing wraiths
  2 rime drakes
  7 tengu conjurers
  15 komodo dragons
  11 yaktaurs
  A yaktaur skeleton (Vaults:2)
  6 trolls
  19 hornets
  4 polar bears
  2 meliai (Spider:4)
  5 hellwings
  A wolf spider simulacrum (D:15)
  9 tyrant leeches
  15 tarantellas
  Prince Ribbit (D:6)
  8 blink frogs (Lair:1)
  12 jumping spiders
  20 slime creatures
  Sigmund (D:2)
  An ettin skeleton (Vaults:2)
  19 culicivoras
  19 spriggans
  A spriggan (shapeshifter) (D:14)
  2 shadows
  6 wraiths
  47 yaks
  2 wyverns
  3 vampires
  2 elf zombies (Vaults:2)
  5 water elementals (Depths:2)
  5 elf skeletons (Vaults:2)
  2 ynoxinuls
  5 basilisks
  4 golden eyes (D:9)
  2 neqoxecs
  2 chaos spawn
  3 hogs (D:15)
  50 redbacks
  14 vampire mosquitoes
  4 wargs
  20 swamp worms
  3 acid dragons
  An ogre zombie (Vaults:2)
  2 glowing shapeshifter skeletons
  4 swamp drakes
  8 water moccasins
  An ogre skeleton (Vaults:2)
  28 orc warriors
  3 ettin simulacra (Depths:2)
  5 black bears
  A sky beast (D:8)
  15 wolves
  2 boggarts (Vaults:3)
  15 ogres
  10 centaurs
  6 kobold brigands
  17 bullfrogs
  7 scorpions
  2 water moccasin zombies (Ossuary)
  A wyvern zombie (Ossuary)
  A small abomination (Zot:5)
  4 wights (D:9)
  5 killer bees (D:7)
  An electric eel (Lair:3)
  13 howler monkeys
  5 centaur zombies (Ossuary)
  4 bullfrog zombies (Ossuary)
  7 hounds
  3 iron imps (D:9)
  2 jellies
  2 gnoll boudas
  27 orc priests
  2 sleepcaps (D:5)
  12 iguanas
  34 orc wizards
  A killer bee zombie (Ossuary)
  13 mummies (Ossuary)
  4 howler monkey zombies (Ossuary)
  3 adders
  11 gnolls
  3 shadow imps
  2 white imps
  An ufetubus (D:5)
  2 worms
  2 dart slugs
  86 orcs
  3 bats
  6 endoplasms
  8 giant cockroaches
  7 hobgoblins
  4 jackals (D:2)
  3 quokkas
  7 ball pythons
  8 frilled lizards
  8 goblins
  28 kobolds
  3 rats
  A spectral weapon (Swamp:4)
1788 creatures vanquished.

Vanquished Creatures (others)
  A spriggan (Swamp:1)
  A warg (Vaults:4)
  An ogre (Vaults:5)
  2 boggarts (Vaults:3)
  A white imp (D:9)
  An orc (D:10)
  11 foxfires
  2 starspawn tentacles (Spider:4)
20 creatures vanquished.

Grand Total: 1808 creatures vanquished

Notes
Turn   | Place    | Note
-------+----------+-------------------------------------------
     0 | D:1      | qw the Minotaur Hunter began the quest for the Orb.
     0 | D:1      | Reached XP level 1. HP: 18/18 MP: 0/0
     0 | D:1      | 0 ||| qw: Version: 0.2-a-122-gbc61b45
     0 | D:1      | 0 ||| qw: Game counter: 3645
     0 | D:1      | 0 ||| qw: Always use a shield: true
     0 | D:1      | 0 ||| qw: God list: Okawaru
     0 | D:1      | 0 ||| qw: Allow faded altars: false
     0 | D:1      | 0 ||| qw: Do Orc after D:15 true
     0 | D:1      | 0 ||| qw: Do second Lair branch before Depths: true
     0 | D:1      | 0 ||| qw: Lair rune preference: random
     0 | D:1      | 0 ||| qw: Plans: Normal
     0 | D:1      | 0 ||| PLANNING D:1-11
   140 | D:1      | Reached XP level 2. HP: 25/25 MP: 1/1
   340 | D:1      | Reached skill level 3 in Fighting
   610 | D:1      | 610 ||| UPGRADING to +6 ring of dexterity.
   611 | D:1      | 611 ||| READING 4 scrolls labelled ZAIGRU FIDU.
   612 | D:1      | 612 ||| READING scroll labelled TYLADAOTEQ.
   613 | D:1      | 613 ||| READING scroll labelled XOOCUCHUHIPS.
   614 | D:1      | 614 ||| READING 3 scrolls of identify.
   614 | D:1      | 614 ||| IDENTIFYING lumpy emerald potion
   615 | D:1      | 615 ||| READING 2 scrolls of identify.
   615 | D:1      | 615 ||| IDENTIFYING brown potion
   616 | D:1      | 616 ||| DROPPING scroll of butterflies.
   617 | D:1      | 617 ||| DROPPING potion of degeneration.
   721 | D:2      | Reached XP level 3. HP: 31/31 MP: 2/2
   763 | D:2      | Noticed Sigmund
   765 | D:2      | 765 ||| Stepping ~*~*~tactically~*~*~ (outnumbered).
   769 | D:2      | 769 ||| Stepping ~*~*~tactically~*~*~ (outnumbered).
   774 | D:2      | Killed Sigmund
   775 | D:2      | Reached XP level 4. HP: 24/38 MP: 3/3
   775 | D:2      | Reached XP level 5. HP: 28/45 MP: 4/4
   775 | D:2      | 775 ||| FLEEEEING.
   776 | D:2      | 776 ||| FLEEEEING.
   938 | D:2      | Reached skill level 3 in Dodging
  1015 | D:2      | Found a glowing silver altar of Zin.
  1122 | D:2      | 1122 ||| UPGRADING to amulet of the acrobat.
  1127 | D:2      | 1127 ||| READING 2 scrolls labelled KEALOL OZIONN.
  1128 | D:2      | 1128 ||| READING 2 scrolls labelled EBYPUR YTINOOC.
  1133 | D:2      | 1133 ||| DRINKING 3 sapphire potions.
  1134 | D:2      | 1134 ||| DRINKING 2 lumpy white potions.
  1135 | D:2      | 1135 ||| DROPPING scroll of immolation.
  1136 | D:2      | 1136 ||| DROPPING potion of attraction.
  1140 | D:3      | Found a faded altar of an unknown god.
  1142 | D:3      | Reached XP level 6. HP: 51/51 MP: 5/5
  1233 | D:3      | Found a sacrificial altar of Ru.
  1522 | D:3      | Reached skill level 4 in Fighting
  1523 | D:3      | 1523 ||| FLEEEEING.
  1524 | D:3      | 1524 ||| FLEEEEING.
  1528 | D:3      | 1528 ||| FLEEEEING.
  1533 | D:3      | 1533 ||| FLEEEEING.
  1534 | D:3      | 1534 ||| FLEEEEING.
  1540 | D:3      | 1540 ||| STAIRDANCE
  1591 | D:2      | 1591 ||| UPGRADING to +2 hat.
  1596 | D:2      | 1596 ||| DROPPING +6 ring of intelligence.
  1597 | D:2      | 1597 ||| UPGRADING to ring of poison resistance.
  1598 | D:2      | 1598 ||| READING 2 scrolls labelled BUISSA DATE.
  1599 | D:2      | 1599 ||| READING scroll labelled NUSA VOMME.
  1600 | D:2      | 1600 ||| DRINKING 3 puce potions.
  1600 | D:2      | Gained mutation: You are agile. (Dex +4, Str/Int -1)
                  | [potion of mutation]
  1601 | D:2      | 1601 ||| DROPPING scroll of fog.
  1640 | D:3      | 1640 ||| READING scroll of enchant weapon.
  1640 | D:3      | 1640 ||| ENCHANTING +1 shortbow.
  1855 | D:3      | 1855 ||| READING scroll labelled FYMAIC CYUKK.
  1856 | D:3      | 1856 ||| DRINKING 2 glowing white potions.
  2064 | D:4      | 2064 ||| Stepping ~*~*~tactically~*~*~ (outnumbered).
  2078 | D:4      | 2078 ||| Stepping ~*~*~tactically~*~*~ (outnumbered).
  2117 | D:4      | 2117 ||| FLEEEEING.
  2118 | D:4      | 2118 ||| FLEEEEING.
  2641 | D:4      | 2641 ||| READING scroll labelled FUFIPN FUR TOPN.
  2728 | D:4      | 2728 ||| DRINKING 2 silvery potions.
  2729 | D:4      | 2729 ||| READING 3 scrolls of identify.
  2729 | D:4      | 2729 ||| IDENTIFYING fuming sapphire potion
  2730 | D:4      | 2730 ||| READING 2 scrolls of identify.
  2730 | D:4      | 2730 ||| IDENTIFYING pink potion
  2731 | D:4      | 2731 ||| DROPPING potion of magic.
  2732 | D:4      | 2732 ||| DROPPING potion of ambrosia.
  2745 | D:5      | Entered Level 5 of the Dungeon
  2746 | D:5      | 2746 ||| PLANNING OSSUARY
  2754 | D:5      | Reached XP level 7. HP: 59/59 MP: 6/6
  2785 | D:5      | Reached skill level 5 in Fighting
  2830 | D:5      | Reached skill level 1 in Armour
  2912 | D:5      | Found a bloodstained altar of Trog.
  2939 | D:5      | Reached skill level 9 in Ranged Weapons
  2962 | D:5      | Found a sparkling altar of Nemelex Xobeh.
  3058 | D:5      | Reached XP level 8. HP: 68/68 MP: 7/7
  3200 | D:5      | Found a sand-covered staircase.
  3201 | D:5      | 3201 ||| DRINKING 2 purple potions.
  3210 | Ossuary  | Entered an ossuary
  3221 | Ossuary  | Reached skill level 6 in Fighting
  3234 | Ossuary  | 3234 ||| FLEEEEING.
  3360 | Ossuary  | 3360 ||| Stepping ~*~*~tactically~*~*~ (water).
  3400 | Ossuary  | 3400 ||| Stepping ~*~*~tactically~*~*~ (water).
  3568 | Ossuary  | 3568 ||| READING scroll of enchant weapon.
  3568 | Ossuary  | 3568 ||| ENCHANTING +2 shortbow.
  3598 | Ossuary  | Reached skill level 6 in Dodging
  3713 | Ossuary  | Reached skill level 7 in Fighting
  3825 | Ossuary  | 3825 ||| Stepping ~*~*~tactically~*~*~ (water).
  3873 | Ossuary  | 3873 ||| UPGRADING to amulet of faith.
  3883 | Ossuary  | 3883 ||| READING 2 scrolls labelled OLOOLE LUOJIA.
  3884 | Ossuary  | 3884 ||| READING scroll labelled POORIH DIMOOL.
  3885 | Ossuary  | 3885 ||| READING scroll labelled VULO UROEGROA.
  3986 | Ossuary  | 3986 ||| DRINKING 3 ruby potions.
  3987 | Ossuary  | 3987 ||| READING 5 scrolls of identify.
  3987 | Ossuary  | 3987 ||| IDENTIFYING bubbling red potion
  3988 | Ossuary  | 3988 ||| READING 4 scrolls of identify.
  3988 | Ossuary  | 3988 ||| IDENTIFYING grey potion
  3989 | Ossuary  | 3989 ||| READING 3 scrolls of identify.
  3989 | Ossuary  | 3989 ||| IDENTIFYING amethyst potion
  3990 | Ossuary  | 3990 ||| DROPPING potion of lignification.
  3991 | Ossuary  | 3991 ||| DROPPING potion of enlightenment.
  3992 | Ossuary  | 3992 ||| DROPPING scroll of poison.
  3993 | Ossuary  | 3993 ||| DROPPING potion of brilliance.
  4020 | D:5      | 4020 ||| PLANNING D:1-11
  4043 | D:5      | 4043 ||| READING 2 scrolls of identify.
  4043 | D:5      | 4043 ||| IDENTIFYING smoky clear potion
  4044 | D:5      | 4044 ||| DRINKING potion of experience.
  4044 | D:5      | Reached skill level 15 in Ranged Weapons
  4044 | D:5      | Reached XP level 9. HP: 79/79 MP: 8/8
  4139 | D:6      | Found Paxzig's Book Emporium.
  4153 | D:6      | Found a staircase to the Ecumenical Temple.
  4154 | D:6      | 4154 ||| PLANNING TEMPLE
  4216 | Temple   | Entered the Ecumenical Temple
  4253 | Temple   | 4253 ||| PLANNING D:1-11
  4329 | D:6      | Noticed Prince Ribbit
  4335 | D:6      | Killed Prince Ribbit
  4336 | D:6      | Reached XP level 10. HP: 86/86 MP: 9/9
  4557 | D:6      | You fall into a shaft and drop 3 floors!
  4680 | D:9      | Noticed a two-headed ogre
  4686 | D:9      | Killed a two-headed ogre
  4687 | D:9      | Reached skill level 8 in Fighting
  4759 | D:9      | Found a shimmering altar of Xom.
  4764 | D:9      | Found a hide-covered altar of Uskayaw.
  4782 | D:9      | 4782 ||| UPGRADING to +0 ring mail.
  4792 | D:9      | 4792 ||| DROPPING +0 leather armour.
  4793 | D:9      | 4793 ||| UPGRADING to +1 pair of gloves.
  4914 | D:8      | Reached skill level 3 in Armour
  4987 | D:8      | 4987 ||| UPGRADING to +2 pair of boots.
  5350 | D:6      | Found an iron altar of Okawaru.
  5351 | D:6      | 5351 ||| PLANNING OKAWARU WORSHIP
  5352 | D:6      | 5352 ||| READING scroll labelled OSEZAN FIREAW.
  5366 | D:6      | Became a worshipper of Warmaster Okawaru
  5366 | D:6      | 5366 ||| PLANNING D:1-11
  5694 | D:7      | Reached skill level 9 in Fighting
  6020 | D:7      | Found an opulent altar of Gozag.
  6581 | D:7      | 6581 ||| DROPPING ring of flight.
  6582 | D:7      | 6582 ||| READING scroll labelled SABANK TEMOLAU.
  6617 | D:8      | Found a snail-covered altar of Cheibriados.
  6718 | D:8      | Noticed a two-headed ogre
  6744 | D:8      | 6744 ||| FLEEEEING.
  6745 | D:8      | 6745 ||| FLEEEEING.
  6746 | D:8      | 6746 ||| FLEEEEING.
  6747 | D:8      | 6747 ||| FLEEEEING.
  6748 | D:8      | 6748 ||| FLEEEEING.
  6749 | D:8      | 6749 ||| FLEEEEING.
  6750 | D:8      | 6750 ||| FLEEEEING.
  6751 | D:8      | 6751 ||| FLEEEEING.
  6752 | D:8      | 6752 ||| FLEEEEING.
  6753 | D:8      | 6753 ||| FLEEEEING.
  6754 | D:8      | 6754 ||| FLEEEEING.
  6775 | D:8      | Killed a two-headed ogre
  6775 | D:8      | Reached * piety under Okawaru
  6776 | D:8      | 6776 ||| INVOKING Heroism.
  6946 | D:8      | 6946 ||| INVOKING Heroism.
  6959 | D:8      | 6959 ||| INVOKING Heroism.
  6960 | D:8      | 6960 ||| INVOKING Heroism.
  6970 | D:8      | Reached skill level 1 in Invocations
  6970 | D:8      | Reached XP level 11. HP: 72/97 MP: 7/10
  7042 | D:8      | 7042 ||| UPGRADING to +2 robe of willpower.
  7052 | D:8      | 7052 ||| DROPPING +0 ring mail.
  7086 | D:8      | 7086 ||| INVOKING Heroism.
  7106 | D:8      | 7106 ||| INVOKING Heroism.
  7175 | D:8      | 7175 ||| SWAPPING to +0 orcbow.
  7176 | D:8      | 7176 ||| DROPPING +3 shortbow.
  7351 | D:8      | Noticed Gastronok
  7352 | D:8      | 7352 ||| INVOKING Heroism.
  7374 | D:8      | Killed Gastronok
  7374 | D:8      | Reached ** piety under Okawaru
  7375 | D:8      | Reached skill level 9 in Dodging
  7375 | D:8      | Reached skill level 3 in Invocations
  7577 | D:8      | Found a staircase to the Lair.
  7578 | D:8      | 7578 ||| INVOKING Heroism.
  7692 | D:8      | 7692 ||| PLANNING LAIR
  7723 | Lair:1   | Entered Level 1 of the Lair of Beasts
  7800 | Lair:1   | 7800 ||| INVOKING Heroism.
  7806 | Lair:1   | Noticed Sonja
  7819 | Lair:1   | Killed Sonja
  7854 | Lair:1   | 7854 ||| INVOKING Heroism.
  7857 | Lair:1   | Reached skill level 10 in Fighting
  7978 | Lair:1   | 7978 ||| INVOKING Heroism.
  7987 | Lair:1   | Reached *** piety under Okawaru
  8065 | Lair:1   | 8065 ||| INVOKING Heroism.
  8185 | Lair:1   | 8185 ||| INVOKING Heroism.
  8326 | Lair:1   | 8326 ||| INVOKING Heroism.
  8621 | Lair:1   | 8621 ||| UPGRADING to +3 leather armour.
  8631 | Lair:1   | 8631 ||| DROPPING +2 robe of willpower.
  8632 | Lair:1   | 8632 ||| READING scroll labelled HOEHAKH XIYMY.
  8632 | Lair:1   | Identified a scroll of acquirement
  8632 | Lair:1   | 8632 ||| ACQUIRING +3 orcbow
  8632 | Lair:1   | Acquired a +3 orcbow
  8634 | Lair:1   | 8634 ||| SWAPPING to +3 orcbow.
  8635 | Lair:1   | 8635 ||| DROPPING +0 orcbow.
  8636 | Lair:1   | 8636 ||| READING 5 scrolls of identify.
  8636 | Lair:1   | 8636 ||| IDENTIFYING fizzy ruby potion
  8637 | Lair:1   | 8637 ||| DROPPING potion of berserk rage.
  8666 | Lair:2   | 8666 ||| STAIRDANCE
  8678 | Lair:1   | 8678 ||| INVOKING Heroism.
  8775 | Lair:2   | 8775 ||| STAIRDANCE
  8857 | Lair:2   | 8857 ||| INVOKING Heroism.
  8863 | Lair:2   | Noticed a boulder beetle
  8870 | Lair:2   | 8870 ||| DRINKING 2 potions of cancellation.
  8873 | Lair:2   | Reached skill level 11 in Fighting
  8885 | Lair:2   | 8885 ||| INVOKING Heroism.
  8890 | Lair:2   | Killed a boulder beetle
  8890 | Lair:2   | Reached **** piety under Okawaru
  9002 | Lair:2   | Found a hole to the Spider Nest.
  9046 | Lair:2   | 9046 ||| INVOKING Heroism.
  9133 | Lair:2   | 9133 ||| INVOKING Heroism.
  9139 | Lair:2   | Reached XP level 12. HP: 110/110 MP: 11/14
  9387 | Lair:2   | 9387 ||| INVOKING Heroism.
  9424 | Lair:2   | 9424 ||| INVOKING Heroism.
  9547 | Lair:2   | 9547 ||| INVOKING Heroism.
  9581 | Lair:2   | 9581 ||| INVOKING Heroism.
  9991 | Lair:2   | Found a blossoming altar of Fedhas.
  9994 | Lair:2   | 9994 ||| INVOKING Heroism.
 10049 | Lair:2   | 10049 ||| INVOKING Heroism.
 10060 | Lair:2   | Reached skill level 12 in Fighting
 10198 | Lair:3   | Reached skill level 6 in Invocations
 10280 | Lair:3   | 10280 ||| INVOKING Heroism.
 10309 | Lair:3   | 10309 ||| INVOKING Heroism.
 10346 | Lair:3   | 10346 ||| INVOKING Heroism.
 10428 | Lair:3   | Reached ***** piety under Okawaru
 10594 | Lair:3   | 10594 ||| INVOKING Heroism.
 10724 | Lair:3   | Reached skill level 12 in Dodging
 10862 | Lair:3   | You fall into a shaft and drop 2 floors!
 10862 | Lair:5   | Entered Level 5 of the Lair of Beasts
 10927 | Lair:5   | Found a staircase to the Slime Pits.
 10927 | Lair:5   | Found a viscous altar of Jiyva.
 10931 | Lair:5   | 10931 ||| INVOKING Heroism.
 10962 | Lair:5   | Identified the +9 arbalest of Mourning {freeze, Will+ rCorr
                  | SInv} (Okawaru gifted it to you on level 5 of the Lair of
                  | Beasts)
 10962 | Lair:5   | Received a gift from Okawaru
 10982 | Lair:5   | 10982 ||| SWAPPING to +9 arbalest of Mourning {freeze,
                  | Will+ rCorr SInv}.
 10983 | Lair:5   | 10983 ||| DROPPING +3 orcbow.
 10991 | Lair:5   | 10991 ||| UPGRADING to +0 cloak.
 10997 | Lair:5   | 10997 ||| INVOKING Heroism.
 11237 | Lair:4   | Reached XP level 13. HP: 119/119 MP: 18/18
 11327 | Lair:4   | 11327 ||| INVOKING Heroism.
 11591 | Lair:3   | 11591 ||| INVOKING Heroism.
 11632 | Lair:3   | Found a staircase to the Swamp.
 11634 | Lair:3   | 11634 ||| INVOKING Heroism.
 12491 | Lair:5   | Reached skill level 9 in Invocations
 12495 | Lair:5   | 12495 ||| INVOKING Heroism.
 12496 | Lair:5   | 12496 ||| INVOKING Finesse.
 12620 | Lair:5   | 12620 ||| INVOKING Heroism.
 12621 | Lair:5   | 12621 ||| INVOKING Finesse.
 12622 | Lair:5   | 12622 ||| Stepping ~*~*~tactically~*~*~ (cloud).
 12626 | Lair:5   | 12626 ||| Stepping ~*~*~tactically~*~*~ (cloud).
 12631 | Lair:5   | 12631 ||| Stepping ~*~*~tactically~*~*~ (cloud).
 12682 | Lair:5   | 12682 ||| INVOKING Heroism.
 12689 | Lair:5   | Noticed a dire elephant
 12695 | Lair:5   | Killed a dire elephant
 12695 | Lair:5   | Received a gift from Okawaru
 12740 | Lair:5   | 12740 ||| INVOKING Heroism.
 12793 | Lair:5   | 12793 ||| INVOKING Heroism.
 12794 | Lair:5   | 12794 ||| INVOKING Finesse.
 12903 | Lair:5   | 12903 ||| INVOKING Heroism.
 12910 | Lair:5   | Reached skill level 18 in Ranged Weapons
 13124 | Lair:5   | 13124 ||| PLANNING D:1-11
 13124 | Lair:5   | 13124 ||| UPGRADING to +1 pair of gloves of strength.
 13134 | Lair:5   | 13134 ||| DROPPING +1 pair of gloves.
 13135 | Lair:5   | 13135 ||| READING scroll labelled JUHIOTWYO.
 13300 | D:9      | Noticed Joseph
 13307 | D:9      | Killed Joseph
 13357 | D:9      | Reached skill level 13 in Fighting
 13459 | D:9      | Found a burning altar of Makhleb.
 13704 | D:10     | Entered Level 10 of the Dungeon
 13711 | D:10     | Found the +10 tower shield of Ignorance {rN+ Int-4}
 13719 | D:10     | Found a runed translucent door.
 13881 | D:10     | 13881 ||| Stepping ~*~*~tactically~*~*~ (outnumbered).
 13896 | D:10     | Found an ancient bone altar of Kikubaaqudgha.
 13902 | D:10     | Reached skill level 6 in Armour
 13923 | D:10     | Noticed Erolcha
 13924 | D:10     | 13924 ||| INVOKING Heroism.
 13925 | D:10     | 13925 ||| INVOKING Finesse.
 13934 | D:10     | Killed Erolcha
 13935 | D:10     | Reached XP level 14. HP: 113/129 MP: 13/20
 13936 | D:10     | Noticed Fannar
 13953 | D:10     | Killed Fannar
 14018 | D:10     | Found a staircase to the Orcish Mines.
 14064 | D:10     | Found a flagged portal.
 14388 | D:10     | Found a runed translucent door.
 14828 | D:10     | 14828 ||| UPGRADING to +2 robe of cold resistance.
 14838 | D:10     | 14838 ||| DROPPING ring of see invisible.
 14839 | D:10     | 14839 ||| DROPPING +6 ring of strength.
 14840 | D:10     | 14840 ||| DROPPING ring of protection from cold.
 14841 | D:10     | 14841 ||| READING scroll labelled SOWAUC OFUPRE.
 14881 | D:11     | 14881 ||| Stepping ~*~*~tactically~*~*~ (outnumbered).
 14986 | D:11     | Identified the +2 long sword of Valour {heavy, rPois}
 14996 | D:11     | 14996 ||| INVOKING Heroism.
 14997 | D:11     | 14997 ||| INVOKING Finesse.
 15202 | D:11     | Found a runed translucent gate.
 15202 | D:11     | Noticed Onakli's ghost (journeyman DsFi)
 15203 | D:11     | Found a runed translucent gate.
 15204 | D:11     | Found a runed translucent gate.
 15604 | D:11     | 15604 ||| INVOKING Heroism.
 15752 | D:11     | 15752 ||| PLANNING D
 15752 | D:11     | 15752 ||| DROPPING ring of positive energy.
 15895 | D:12     | 15895 ||| INVOKING Heroism.
 15896 | D:12     | 15896 ||| INVOKING Finesse.
 15903 | D:12     | Reached skill level 14 in Fighting
 16000 | D:12     | 16000 ||| Stepping ~*~*~tactically~*~*~ (outnumbered).
 16180 | D:12     | Noticed Lodul
 16181 | D:12     | 16181 ||| INVOKING Heroism.
 16182 | D:12     | 16182 ||| INVOKING Finesse.
 16192 | D:12     | Killed Lodul
 16192 | D:12     | Received a gift from Okawaru
 16192 | D:12     | Found the +2 shield of Resistance {rF++ rC++ Will++}
 16388 | D:12     | 16388 ||| UPGRADING to +0 troll leather armour.
 16398 | D:12     | 16398 ||| DROPPING +3 leather armour.
 16399 | D:12     | 16399 ||| DROPPING +2 robe of cold resistance.
 16498 | D:13     | 16498 ||| INVOKING Heroism.
 16499 | D:13     | 16499 ||| INVOKING Finesse.
 16596 | D:13     | Found a gate to the Vaults.
 16878 | D:13     | Found a runed translucent door.
 17061 | D:13     | 17061 ||| DROPPING ring of resist corrosion.
 17084 | D:14     | 17084 ||| STAIRDANCE
 17136 | D:14     | 17136 ||| STAIRDANCE
 17200 | D:14     | 17200 ||| INVOKING Heroism.
 17207 | D:14     | 17207 ||| INVOKING Finesse.
 17314 | D:14     | 17314 ||| Stepping ~*~*~tactically~*~*~ (outnumbered).
 17379 | D:14     | Found a portal to a secret trove of treasure.
 17522 | D:14     | 17522 ||| INVOKING Heroism.
 17526 | D:14     | Reached skill level 15 in Fighting
 17662 | D:14     | Identified Roxanne's Tome of Sculpting
 17662 | D:14     | Noticed Roxanne
 17663 | D:14     | 17663 ||| INVOKING Heroism.
 17678 | D:14     | Killed Roxanne
 17725 | D:14     | Noticed Agnes
 17726 | D:14     | 17726 ||| INVOKING Heroism.
 17727 | D:14     | 17727 ||| INVOKING Finesse.
 17728 | D:14     | 17728 ||| INVOKING Finesse.
 17730 | D:14     | Killed Agnes
 17866 | D:15     | Entered Level 15 of the Dungeon
 17866 | D:15     | Noticed Louise
 17867 | D:15     | 17867 ||| INVOKING Heroism.
 17871 | D:15     | Killed Louise
 17895 | D:15     | 17895 ||| INVOKING Finesse.
 18003 | D:15     | Found a staircase to the Depths.
 18004 | D:15     | 18004 ||| INVOKING Heroism.
 18009 | D:15     | Reached XP level 15. HP: 137/141 MP: 18/21
 18015 | D:15     | Reached skill level 15 in Dodging
 18076 | D:15     | Found a hide-covered altar of Uskayaw.
 18169 | D:15     | 18169 ||| INVOKING Heroism.
 18216 | D:15     | 18216 ||| INVOKING Heroism.
 18454 | D:15     | 18454 ||| INVOKING Heroism.
 18456 | D:15     | Identified the +5 scale mail of Dikkuquh {*Slow +Inv rPois
                  | rN+++} (Okawaru gifted it to you on level 15 of the
                  | Dungeon)
 18456 | D:15     | Received a gift from Okawaru
 18457 | D:15     | Reached skill level 16 in Fighting
 18471 | D:15     | Found an ancient bone altar of Kikubaaqudgha.
 18514 | D:15     | Noticed Kirke
 18515 | D:15     | 18515 ||| INVOKING Finesse.
 18518 | D:15     | 18518 ||| INVOKING Heroism.
 18519 | D:15     | Noticed a sphinx
 18521 | D:15     | 18521 ||| Stepping ~*~*~tactically~*~*~ (outnumbered).
 18535 | D:15     | Killed Kirke
 18854 | D:15     | 18854 ||| PLANNING ORC
 19094 | Orc:1    | Entered Level 1 of the Orcish Mines
 19102 | Orc:1    | 19102 ||| INVOKING Heroism.
 19149 | Orc:1    | 19149 ||| Stepping ~*~*~tactically~*~*~ (outnumbered).
 19152 | Orc:1    | 19152 ||| INVOKING Heroism.
 19464 | Orc:2    | Entered Level 2 of the Orcish Mines
 19485 | Orc:2    | Found a staircase to the Elven Halls.
 19652 | Orc:2    | Found a dark tunnel.
 19679 | Orc:2    | 19679 ||| INVOKING Heroism.
 19686 | Orc:2    | 19686 ||| Stepping ~*~*~tactically~*~*~ (outnumbered).
 19691 | Orc:2    | 19691 ||| Stepping ~*~*~tactically~*~*~ (outnumbered).
 19693 | Orc:2    | 19693 ||| Stepping ~*~*~tactically~*~*~ (outnumbered).
 19699 | Orc:2    | 19699 ||| Stepping ~*~*~tactically~*~*~ (outnumbered).
 19700 | Orc:2    | 19700 ||| Stepping ~*~*~tactically~*~*~ (outnumbered).
 19726 | Orc:2    | Found Vagotot's Distillery.
 19738 | Orc:2    | 19738 ||| BUYING potion of cancellation (80 gold).
 19738 | Orc:2    | Bought a potion of cancellation for 80 gold pieces
 19738 | Orc:2    | 19738 ||| BUYING potion of curing (30 gold).
 19738 | Orc:2    | Bought a potion of curing for 30 gold pieces
 19738 | Orc:2    | 19738 ||| BUYING potion of curing (30 gold).
 19738 | Orc:2    | Bought a potion of curing for 30 gold pieces
 19738 | Orc:2    | 19738 ||| BUYING potion of curing (30 gold).
 19738 | Orc:2    | Bought a potion of curing for 30 gold pieces
 19738 | Orc:2    | 19738 ||| BUYING potion of heal wounds (50 gold).
 19738 | Orc:2    | Bought a potion of heal wounds for 50 gold pieces
 19738 | Orc:2    | 19738 ||| BUYING potion of resistance (100 gold).
 19738 | Orc:2    | Bought a potion of resistance for 100 gold pieces
 19994 | Orc:2    | Reached skill level 9 in Armour
 20039 | Orc:2    | 20039 ||| INVOKING Heroism.
 20043 | Orc:2    | 20043 ||| Stepping ~*~*~tactically~*~*~ (outnumbered).
 20108 | Orc:2    | 20108 ||| INVOKING Heroism.
 20121 | Orc:2    | 20121 ||| Stepping ~*~*~tactically~*~*~ (outnumbered).
 20134 | Orc:2    | 20134 ||| INVOKING Heroism.
 20136 | Orc:2    | 20136 ||| Stepping ~*~*~tactically~*~*~ (outnumbered).
 20149 | Orc:2    | 20149 ||| DRINKING 18 potions of curing.
 20149 | Orc:2    | 20149 ||| (to cure confusion)
 20156 | Orc:2    | 20156 ||| INVOKING Heroism.
 20161 | Orc:2    | 20161 ||| Stepping ~*~*~tactically~*~*~ (outnumbered).
 20200 | Orc:2    | Found Lym Qub's Assorted Antiques.
 20201 | Orc:2    | Found Mate's Weapon Shop.
 20202 | Orc:2    | Found Xaec's Assorted Antiques.
 20209 | Orc:2    | Found Jimisyu's Magic Scroll Boutique.
 20219 | Orc:2    | 20219 ||| BUYING glowing robe (114 gold).
 20219 | Orc:2    | Bought a glowing robe for 114 gold pieces
 20220 | Orc:2    | 20220 ||| BUYING scroll of enchant armour (112 gold).
 20220 | Orc:2    | Bought a scroll of enchant armour for 112 gold pieces
 20220 | Orc:2    | 20220 ||| READING scroll of enchant armour.
 20220 | Orc:2    | 20220 ||| ENCHANTING +1 pair of gloves of strength.
 20380 | Orc:2    | 20380 ||| PLANNING SPIDER:1-3
 20380 | Orc:2    | 20380 ||| DROPPING +2 robe of positive energy.
 20543 | Spider:1 | Entered Level 1 of the Spider Nest
 20549 | Spider:1 | 20549 ||| STAIRDANCE
 20584 | Spider:1 | Reached skill level 17 in Fighting
 20638 | Spider:1 | 20638 ||| INVOKING Heroism.
 20641 | Spider:1 | 20641 ||| Stepping ~*~*~tactically~*~*~ (outnumbered).
 20656 | Spider:1 | HP: 21/147 [tarantella simulacrum (18)]
 20657 | Spider:1 | 20657 ||| READING 9 scrolls of teleportation.
 20657 | Spider:1 | HP: 1/147 [redback simulacrum (19)]
 20658 | Spider:1 | 20658 ||| DRINKING 7 potions of heal wounds.
 20659 | Spider:1 | 20659 ||| DRINKING 6 potions of heal wounds.
 20713 | Spider:1 | 20713 ||| FLEEEEING.
 20721 | Spider:1 | 20721 ||| STAIRDANCE
 20781 | Spider:1 | 20781 ||| Stepping ~*~*~tactically~*~*~ (outnumbered).
 20783 | Spider:1 | 20783 ||| Stepping ~*~*~tactically~*~*~ (outnumbered).
 20785 | Spider:1 | 20785 ||| Stepping ~*~*~tactically~*~*~ (outnumbered).
 20787 | Spider:1 | 20787 ||| Stepping ~*~*~tactically~*~*~ (outnumbered).
 20789 | Spider:1 | 20789 ||| Stepping ~*~*~tactically~*~*~ (outnumbered).
 20793 | Spider:1 | 20793 ||| Stepping ~*~*~tactically~*~*~ (outnumbered).
 21023 | Spider:1 | 21023 ||| INVOKING Heroism.
 21099 | Spider:1 | 21099 ||| INVOKING Finesse.
 21104 | Spider:1 | 21104 ||| DRINKING 4 potions of resistance.
 21119 | Spider:1 | Noticed an emperor scorpion
 21120 | Spider:1 | 21120 ||| INVOKING Heroism.
 21129 | Spider:1 | Killed an emperor scorpion
 21130 | Spider:1 | Reached XP level 16. HP: 155/155 MP: 17/22
 21470 | Spider:2 | Reached skill level 18 in Fighting
 21555 | Spider:2 | 21555 ||| Stepping ~*~*~tactically~*~*~ (water).
 21564 | Spider:2 | 21564 ||| INVOKING Finesse.
 21605 | Spider:2 | Noticed Arachne
 21606 | Spider:2 | 21606 ||| INVOKING Heroism.
 21621 | Spider:2 | 21621 ||| INVOKING Finesse.
 21622 | Spider:2 | Killed Arachne
 21679 | Spider:2 | 21679 ||| FLEEEEING.
 21711 | Spider:2 | 21711 ||| DRINKING 17 potions of curing.
 21711 | Spider:2 | 21711 ||| (to cure confusion)
 21972 | Spider:3 | Received a gift from Okawaru
 21975 | Spider:3 | Reached skill level 18 in Dodging
 21977 | Spider:3 | 21977 ||| INVOKING Heroism.
 22031 | Spider:3 | 22031 ||| INVOKING Heroism.
 22034 | Spider:3 | 22034 ||| INVOKING Finesse.
 22291 | Spider:3 | 22291 ||| INVOKING Heroism.
 22375 | Spider:3 | 22375 ||| PLANNING SWAMP:1-3
 22541 | Swamp:1  | Entered Level 1 of the Swamp
 22557 | Swamp:1  | 22557 ||| Stepping ~*~*~tactically~*~*~ (water).
 22578 | Swamp:1  | 22578 ||| Stepping ~*~*~tactically~*~*~ (water).
 22582 | Swamp:1  | 22582 ||| Stepping ~*~*~tactically~*~*~ (water).
 22584 | Swamp:1  | Noticed Jorgrun
 22585 | Swamp:1  | 22585 ||| INVOKING Heroism.
 22586 | Swamp:1  | 22586 ||| INVOKING Finesse.
 22598 | Swamp:1  | Killed Jorgrun
 22685 | Swamp:1  | 22685 ||| Stepping ~*~*~tactically~*~*~ (water).
 22711 | Swamp:1  | 22711 ||| Stepping ~*~*~tactically~*~*~ (water).
 22717 | Swamp:1  | Noticed a thorn hunter
 22718 | Swamp:1  | 22718 ||| INVOKING Heroism.
 22724 | Swamp:1  | Killed a thorn hunter
 22833 | Swamp:1  | 22833 ||| Stepping ~*~*~tactically~*~*~ (water).
 22854 | Swamp:1  | 22854 ||| INVOKING Heroism.
 22855 | Swamp:1  | 22855 ||| Stepping ~*~*~tactically~*~*~ (water).
 22870 | Swamp:1  | 22870 ||| Stepping ~*~*~tactically~*~*~ (cloud).
 22922 | Swamp:1  | Noticed Donald
 22923 | Swamp:1  | 22923 ||| INVOKING Heroism.
 22929 | Swamp:1  | Killed Donald
 22930 | Swamp:1  | Reached skill level 19 in Fighting
 23217 | Swamp:1  | 23217 ||| DROPPING +0 leather armour of fire resistance.
 23218 | Swamp:1  | 23218 ||| UPGRADING to +2 robe of resistance.
 23228 | Swamp:1  | 23228 ||| DROPPING ring of wizardry.
 23299 | Swamp:2  | 23299 ||| INVOKING Heroism.
 23421 | Swamp:2  | 23421 ||| INVOKING Heroism.
 23426 | Swamp:2  | 23426 ||| SWAPPING to +1 longbow of flaming.
 23434 | Swamp:2  | 23434 ||| Stepping ~*~*~tactically~*~*~ (cloud).
 23435 | Swamp:2  | 23435 ||| SWAPPING to +9 arbalest of Mourning {freeze,
                  | Will+ rCorr SInv}.
 23449 | Swamp:2  | Noticed a thorn hunter
 23458 | Swamp:2  | Killed a thorn hunter
 23476 | Swamp:2  | 23476 ||| INVOKING Heroism.
 23687 | Swamp:2  | 23687 ||| Stepping ~*~*~tactically~*~*~ (water).
 23901 | Swamp:2  | 23901 ||| DROPPING +2 robe of positive energy.
 23948 | Swamp:3  | 23948 ||| INVOKING Heroism.
 23970 | Swamp:3  | Found a transporter.
 23980 | Swamp:3  | Noticed Buem's ghost (adept OgHs)
 24013 | Swamp:3  | 24013 ||| INVOKING Heroism.
 24148 | Swamp:3  | 24148 ||| Stepping ~*~*~tactically~*~*~ (water).
 24196 | Swamp:3  | 24196 ||| SWAPPING to +1 longbow of flaming.
 24201 | Swamp:3  | 24201 ||| SWAPPING to +9 arbalest of Mourning {freeze,
                  | Will+ rCorr SInv}.
 24297 | Swamp:3  | 24297 ||| Stepping ~*~*~tactically~*~*~ (water).
 24304 | Swamp:3  | 24304 ||| INVOKING Heroism.
 24401 | Swamp:3  | Identified the +9 long sword "Wipoam" {holy, rPois rF- rC+
                  | Stlth+}
 24581 | Swamp:3  | Found a transporter.
 24582 | Swamp:3  | 24582 ||| INVOKING Heroism.
 24595 | Swamp:3  | 24595 ||| Stepping ~*~*~tactically~*~*~ (outnumbered).
 24623 | Swamp:3  | Reached XP level 17. HP: 80/168 MP: 23/23
 24998 | Swamp:3  | 24998 ||| PLANNING SPIDER:4
 25170 | Spider:4 | Entered Level 4 of the Spider Nest
 25171 | Spider:4 | 25171 ||| INVOKING Heroism.
 25195 | Spider:4 | Received a gift from Okawaru
 25386 | Spider:4 | Noticed Aizul
 25387 | Spider:4 | 25387 ||| INVOKING Heroism.
 25388 | Spider:4 | 25388 ||| INVOKING Finesse.
 25396 | Spider:4 | Killed Aizul
 25405 | Spider:4 | Reached skill level 20 in Fighting
 25418 | Spider:4 | 25418 ||| Stepping ~*~*~tactically~*~*~ (outnumbered).
 25468 | Spider:4 | 25468 ||| DRINKING 3 potions of resistance.
 25477 | Spider:4 | 25477 ||| Stepping ~*~*~tactically~*~*~ (water).
 25548 | Spider:4 | 25548 ||| INVOKING Heroism.
 25549 | Spider:4 | 25549 ||| INVOKING Finesse.
 25595 | Spider:4 | 25595 ||| INVOKING Heroism.
 25624 | Spider:4 | 25624 ||| READING scroll of enchant armour.
 25624 | Spider:4 | 25624 ||| ENCHANTING +0 cloak.
 25671 | Spider:4 | 25671 ||| INVOKING Heroism.
 25729 | Spider:4 | Noticed Mlioglotl
 25730 | Spider:4 | 25730 ||| INVOKING Heroism.
 25731 | Spider:4 | 25731 ||| INVOKING Finesse.
 25736 | Spider:4 | Noticed Bai Suzhen
 25740 | Spider:4 | Killed Mlioglotl
 25753 | Spider:4 | Killed Bai Suzhen
 25753 | Spider:4 | Identified the +2 cloak of Action {Will+ Dex+3} (Okawaru
                  | gifted it to you on level 4 of the Spider Nest)
 25753 | Spider:4 | Received a gift from Okawaru
 25903 | Spider:4 | 25903 ||| INVOKING Finesse.
 25916 | Spider:4 | 25916 ||| FLEEEEING.
 25917 | Spider:4 | 25917 ||| FLEEEEING.
 25918 | Spider:4 | 25918 ||| FLEEEEING.
 25978 | Spider:4 | 25978 ||| INVOKING Heroism.
 26132 | Spider:4 | Got a gossamer rune of Zot
 26261 | Spider:4 | 26261 ||| PLANNING VAULTS:1-4
 26261 | Spider:4 | 26261 ||| UPGRADING to +2 cloak of Action {Will+ Dex+3}.
 26271 | Spider:4 | 26271 ||| DROPPING +1 cloak.
 26572 | Vaults:1 | Entered Level 1 of the Vaults
 26611 | Vaults:1 | 26611 ||| INVOKING Heroism.
 26887 | Vaults:1 | 26887 ||| DRINKING 2 potions of resistance.
 26898 | Vaults:1 | 26898 ||| INVOKING Heroism.
 26899 | Vaults:1 | 26899 ||| INVOKING Finesse.
 26963 | Vaults:1 | 26963 ||| INVOKING Heroism.
 27261 | Vaults:1 | Reached skill level 21 in Dodging
 27372 | Vaults:1 | 27372 ||| DRINKING potion of resistance.
 27552 | Vaults:1 | Reached skill level 21 in Fighting
 27572 | Vaults:1 | 27572 ||| INVOKING Heroism.
 27573 | Vaults:1 | 27573 ||| INVOKING Finesse.
 27761 | Vaults:1 | Reached XP level 18. HP: 182/182 MP: 24/24
 27785 | Vaults:1 | Identified the +0 plate armour of Katulaic {rF+} (Okawaru
                  | gifted it to you on level 1 of the Vaults)
 27785 | Vaults:1 | Received a gift from Okawaru
 27800 | Vaults:1 | Identified the +8 spear of Wudghog {venom, rF++}
 27806 | Vaults:1 | 27806 ||| Stepping ~*~*~tactically~*~*~ (outnumbered).
 28059 | Vaults:1 | 28059 ||| DROPPING +2 pair of boots of rampaging.
 28346 | Vaults:2 | Identified the +1 robe of the Shoals {rC+ Str+3}
 28348 | Vaults:2 | 28348 ||| INVOKING Heroism.
 28349 | Vaults:2 | 28349 ||| INVOKING Finesse.
 28420 | Vaults:2 | 28420 ||| INVOKING Heroism.
 28641 | Vaults:2 | 28641 ||| DROPPING ring of fire.
 28642 | Vaults:2 | 28642 ||| UPGRADING to +6 ring of dexterity.
 28644 | Vaults:2 | 28644 ||| UPGRADING to +0 swamp dragon scales.
 28647 | Vaults:2 | Received a gift from Okawaru
 28647 | Vaults:2 | Found the +2 pair of slick slippers {slick, slippery, EV+4}
 28650 | Vaults:2 | Reached skill level 22 in Fighting
 28650 | Vaults:2 | 28650 ||| UPGRADING to +0 swamp dragon scales.
 28695 | Vaults:2 | 28695 ||| UPGRADING to +2 pair of slick slippers {slick,
                  | slippery, EV+4}.
 28705 | Vaults:2 | 28705 ||| DROPPING +2 pair of boots.
 28802 | Vaults:2 | 28802 ||| DROPPING +0 ring mail of cold resistance.
 29082 | Vaults:2 | 29082 ||| FLEEEEING.
 29270 | Vaults:2 | Found a staircase to the Crypt.
 29370 | Vaults:2 | 29370 ||| INVOKING Heroism.
 29371 | Vaults:2 | 29371 ||| INVOKING Finesse.
 29375 | Vaults:2 | Reached skill level 12 in Armour
 29819 | Vaults:2 | 29819 ||| DROPPING +4 ring of slaying {mikee}.
 29820 | Vaults:2 | 29820 ||| DROPPING ring of poison resistance.
 29874 | Vaults:3 | 29874 ||| INVOKING Heroism.
 29876 | Vaults:3 | Noticed Sojobo
 29877 | Vaults:3 | 29877 ||| INVOKING Finesse.
 29897 | Vaults:3 | Killed Sojobo
 29924 | Vaults:3 | 29924 ||| STAIRDANCE
 30137 | Vaults:3 | 30137 ||| INVOKING Heroism.
 30138 | Vaults:3 | 30138 ||| INVOKING Finesse.
 30198 | Vaults:3 | 30198 ||| INVOKING Heroism.
 30209 | Vaults:3 | 30209 ||| Stepping ~*~*~tactically~*~*~ (outnumbered).
 30212 | Vaults:3 | 30212 ||| Stepping ~*~*~tactically~*~*~ (outnumbered).
 30218 | Vaults:3 | 30218 ||| INVOKING Heroism.
 30407 | Vaults:3 | Found a transporter.
 30449 | Vaults:3 | Found a transporter.
 30508 | Vaults:3 | 30508 ||| INVOKING Heroism.
 30509 | Vaults:3 | 30509 ||| INVOKING Finesse.
 30518 | Vaults:3 | Reached XP level 19. HP: 191/191 MP: 18/25
 30617 | Vaults:3 | 30617 ||| READING scroll of enchant armour.
 30617 | Vaults:3 | 30617 ||| ENCHANTING +0 swamp dragon scales.
 30632 | Vaults:3 | Identified the +4 morningstar of the Countless Nights
                  | {flame, Dex+2}
 30637 | Vaults:3 | 30637 ||| INVOKING Heroism.
 30638 | Vaults:3 | 30638 ||| INVOKING Finesse.
 30639 | Vaults:3 | 30639 ||| Stepping ~*~*~tactically~*~*~ (outnumbered).
 30655 | Vaults:3 | Reached skill level 15 in Armour
 30684 | Vaults:3 | 30684 ||| INVOKING Heroism.
 31108 | Vaults:3 | Found Peihito's Assorted Antiques.
 31115 | Vaults:3 | 31115 ||| BUYING faintly humming leather armour (217 gold).
 31115 | Vaults:3 | Bought a faintly humming leather armour for 217 gold pieces
 31115 | Vaults:3 | Identified the +3 leather armour of the Northern Lights
                  | {+Inv} (You bought it in a shop on level 3 of the Vaults)
 31115 | Vaults:3 | 31115 ||| BUYING potion of heal wounds (155 gold).
 31115 | Vaults:3 | Bought a potion of heal wounds for 155 gold pieces
 31115 | Vaults:3 | 31115 ||| BUYING wand of digging (3) (390 gold).
 31115 | Vaults:3 | Bought a wand of digging (3) for 390 gold pieces
 31141 | Vaults:3 | 31141 ||| DROPPING +3 leather armour of the Northern Lights
                  | {+Inv}.
 31142 | Vaults:3 | 31142 ||| DROPPING +4 ring of protection.
 31222 | Vaults:4 | 31222 ||| INVOKING Heroism.
 31223 | Vaults:4 | 31223 ||| Stepping ~*~*~tactically~*~*~ (outnumbered).
 31228 | Vaults:4 | 31228 ||| Stepping ~*~*~tactically~*~*~ (outnumbered).
 31322 | Vaults:4 | 31322 ||| INVOKING Heroism.
 31454 | Vaults:4 | 31454 ||| INVOKING Heroism.
 31961 | Vaults:4 | Identified the +1 robe of Broken Taboos {*Slow rCorr MP+9
                  | Str+5}
 32009 | Vaults:4 | 32009 ||| INVOKING Heroism.
 32010 | Vaults:4 | 32010 ||| INVOKING Finesse.
 32011 | Vaults:4 | 32011 ||| INVOKING Finesse.
 32070 | Vaults:4 | 32070 ||| INVOKING Heroism.
 32075 | Vaults:4 | Reached skill level 23 in Fighting
 32486 | Vaults:4 | 32486 ||| PLANNING SWAMP:4
 32486 | Vaults:4 | 32486 ||| DROPPING +1 robe of Broken Taboos {*Slow rCorr
                  | MP+9 Str+5}.
 32843 | Swamp:4  | Entered Level 4 of the Swamp
 32856 | Swamp:4  | 32856 ||| INVOKING Heroism.
 32870 | Swamp:4  | 32870 ||| Stepping ~*~*~tactically~*~*~ (water).
 32927 | Swamp:4  | 32927 ||| Stepping ~*~*~tactically~*~*~ (water).
 32929 | Swamp:4  | 32929 ||| INVOKING Heroism.
 32930 | Swamp:4  | 32930 ||| Stepping ~*~*~tactically~*~*~ (water).
 32938 | Swamp:4  | 32938 ||| Stepping ~*~*~tactically~*~*~ (outnumbered).
 33118 | Swamp:4  | 33118 ||| Stepping ~*~*~tactically~*~*~ (water).
 33121 | Swamp:4  | 33121 ||| Stepping ~*~*~tactically~*~*~ (water).
 33129 | Swamp:4  | 33129 ||| Stepping ~*~*~tactically~*~*~ (water).
 33135 | Swamp:4  | 33135 ||| Stepping ~*~*~tactically~*~*~ (water).
 33137 | Swamp:4  | 33137 ||| Stepping ~*~*~tactically~*~*~ (water).
 33139 | Swamp:4  | 33139 ||| Stepping ~*~*~tactically~*~*~ (outnumbered).
 33183 | Swamp:4  | 33183 ||| Stepping ~*~*~tactically~*~*~ (water).
 33185 | Swamp:4  | 33185 ||| Stepping ~*~*~tactically~*~*~ (water).
 33187 | Swamp:4  | 33187 ||| Stepping ~*~*~tactically~*~*~ (water).
 33201 | Swamp:4  | 33201 ||| Stepping ~*~*~tactically~*~*~ (cloud).
 33204 | Swamp:4  | 33204 ||| Stepping ~*~*~tactically~*~*~ (water).
 33235 | Swamp:4  | 33235 ||| Stepping ~*~*~tactically~*~*~ (water).
 33245 | Swamp:4  | 33245 ||| INVOKING Heroism.
 33246 | Swamp:4  | 33246 ||| INVOKING Finesse.
 33302 | Swamp:4  | 33302 ||| INVOKING Heroism.
 33360 | Swamp:4  | 33360 ||| INVOKING Heroism.
 33361 | Swamp:4  | 33361 ||| INVOKING Finesse.
 33406 | Swamp:4  | 33406 ||| INVOKING Heroism.
 33421 | Swamp:4  | Identified the +7 orcbow of Nepa {freeze, rElec MP+9}
 33447 | Swamp:4  | Reached skill level 24 in Fighting
 33506 | Swamp:4  | 33506 ||| INVOKING Heroism.
 33507 | Swamp:4  | 33507 ||| INVOKING Finesse.
 33607 | Swamp:4  | 33607 ||| INVOKING Heroism.
 33647 | Swamp:4  | Got a decaying rune of Zot
 33771 | Swamp:4  | 33771 ||| Stepping ~*~*~tactically~*~*~ (water).
 33776 | Swamp:4  | 33776 ||| INVOKING Heroism.
 33844 | Swamp:4  | 33844 ||| INVOKING Heroism.
 33895 | Swamp:4  | 33895 ||| INVOKING Heroism.
 33952 | Swamp:4  | 33952 ||| INVOKING Heroism.
 34020 | Swamp:4  | 34020 ||| PLANNING DEPTHS
 34020 | Swamp:4  | 34020 ||| UPGRADING to +2 robe of resistance.
 34030 | Swamp:4  | 34030 ||| DROPPING ring of magical power.
 34388 | Depths:1 | Entered Level 1 of the Depths
 34392 | Depths:1 | 34392 ||| STAIRDANCE
 34466 | Depths:1 | Noticed Nikola
 34467 | Depths:1 | 34467 ||| INVOKING Heroism.
 34468 | Depths:1 | 34468 ||| INVOKING Finesse.
 34477 | Depths:1 | Killed Nikola
 34609 | Depths:1 | 34609 ||| INVOKING Finesse.
 34625 | Depths:1 | Reached XP level 20. HP: 176/209 MP: 22/26
 34751 | Depths:1 | Reached skill level 25 in Fighting
 34756 | Depths:1 | 34756 ||| Stepping ~*~*~tactically~*~*~ (outnumbered).
 34757 | Depths:1 | 34757 ||| FLEEEEING.
 35100 | Depths:1 | 35100 ||| INVOKING Heroism.
 35101 | Depths:1 | 35101 ||| INVOKING Finesse.
 35125 | Depths:1 | 35125 ||| Stepping ~*~*~tactically~*~*~ (outnumbered).
 35131 | Depths:1 | 35131 ||| Stepping ~*~*~tactically~*~*~ (outnumbered).
 35133 | Depths:1 | 35133 ||| Stepping ~*~*~tactically~*~*~ (outnumbered).
 35154 | Depths:1 | 35154 ||| INVOKING Finesse.
 35481 | Depths:2 | 35481 ||| Stepping ~*~*~tactically~*~*~ (outnumbered).
 35636 | Depths:2 | Reached skill level 26 in Fighting
 35636 | Depths:2 | 35636 ||| INVOKING Heroism.
 35639 | Depths:2 | 35639 ||| INVOKING Finesse.
 35721 | Depths:2 | Received a gift from Okawaru
 35845 | Depths:2 | 35845 ||| INVOKING Heroism.
 35846 | Depths:2 | 35846 ||| INVOKING Finesse.
 35876 | Depths:2 | Found a glowing silver altar of Zin.
 35896 | Depths:2 | Found a runed translucent door.
 36005 | Depths:2 | 36005 ||| INVOKING Heroism.
 36006 | Depths:2 | 36006 ||| INVOKING Finesse.
 36059 | Depths:2 | Found Isesch's Antique Weapon Shop.
 36068 | Depths:2 | 36068 ||| BUYING runed longbow (266 gold).
 36068 | Depths:2 | Bought a runed longbow for 266 gold pieces
 36068 | Depths:2 | 36068 ||| DROPPING +1 longbow of freezing.
 36176 | Depths:2 | Gained mutation: You occasionally shout uncontrollably at
                  | your foes. [a neqoxec]
 36186 | Depths:2 | Gained mutation: Armour fits poorly on your strangely
                  | shaped body. [a neqoxec]
 36206 | Depths:2 | Found a one-way gate leading to the halls of Pandemonium.
 36253 | Depths:2 | Found a gateway to Hell.
 36589 | Depths:2 | 36589 ||| SWAPPING to +1 triple crossbow of flaming.
 36590 | Depths:2 | 36590 ||| DROPPING +9 arbalest of Mourning {freeze, Will+
                  | rCorr SInv}.
 36591 | Depths:2 | 36591 ||| DROPPING +1 longbow of flaming.
 36592 | Depths:2 | 36592 ||| READING 6 scrolls of enchant weapon.
 36592 | Depths:2 | 36592 ||| ENCHANTING +1 triple crossbow of flaming.
 36593 | Depths:2 | 36593 ||| READING 5 scrolls of enchant weapon.
 36593 | Depths:2 | 36593 ||| ENCHANTING +2 triple crossbow of flaming.
 36594 | Depths:2 | 36594 ||| READING 4 scrolls of enchant weapon.
 36594 | Depths:2 | 36594 ||| ENCHANTING +3 triple crossbow of flaming.
 36595 | Depths:2 | 36595 ||| READING 3 scrolls of enchant weapon.
 36595 | Depths:2 | 36595 ||| ENCHANTING +4 triple crossbow of flaming.
 36596 | Depths:2 | 36596 ||| READING 2 scrolls of enchant weapon.
 36596 | Depths:2 | 36596 ||| ENCHANTING +5 triple crossbow of flaming.
 36597 | Depths:2 | 36597 ||| READING scroll of enchant weapon.
 36597 | Depths:2 | 36597 ||| ENCHANTING +6 triple crossbow of flaming.
 36598 | Depths:2 | 36598 ||| READING scroll of brand weapon.
 36598 | Depths:2 | 36598 ||| BRANDING +7 triple crossbow of flaming.
 36649 | Depths:3 | 36649 ||| INVOKING Heroism.
 36655 | Depths:3 | 36655 ||| INVOKING Finesse.
 36774 | Depths:3 | Noticed a golden dragon
 36775 | Depths:3 | 36775 ||| INVOKING Heroism.
 36775 | Depths:3 | a golden dragon changed into a juggernaut
 36775 | Depths:3 | Noticed a juggernaut (glowing shapeshifter)
 36778 | Depths:3 | a juggernaut changed into a titan
 36890 | Depths:3 | 36890 ||| INVOKING Heroism.
 36896 | Depths:3 | 36896 ||| INVOKING Finesse.
 37106 | Depths:3 | Found a one-way gate to the infinite horrors of the Abyss.
 37154 | Depths:3 | Found a stormy altar of Qazlal.
 37365 | Depths:3 | 37365 ||| Stepping ~*~*~tactically~*~*~ (outnumbered).
 37367 | Depths:3 | 37367 ||| Stepping ~*~*~tactically~*~*~ (outnumbered).
 37368 | Depths:3 | 37368 ||| Stepping ~*~*~tactically~*~*~ (outnumbered).
 37371 | Depths:3 | 37371 ||| Stepping ~*~*~tactically~*~*~ (outnumbered).
 37377 | Depths:3 | 37377 ||| INVOKING Finesse.
 37382 | Depths:3 | 37382 ||| INVOKING Heroism.
 37416 | Depths:3 | Identified the +0 orcbow of the Reaper {freeze, rF+}
                  | (Okawaru gifted it to you on level 3 of the Depths)
 37416 | Depths:3 | Received a gift from Okawaru
 37785 | Depths:4 | Entered Level 4 of the Depths
 37866 | Depths:4 | 37866 ||| INVOKING Heroism.
 37867 | Depths:4 | 37867 ||| INVOKING Finesse.
 37903 | Depths:4 | Noticed the Enchantress
 37904 | Depths:4 | 37904 ||| INVOKING Heroism.
 37910 | Depths:4 | 37910 ||| INVOKING Finesse.
 37913 | Depths:4 | Reached XP level 21. HP: 222/222 MP: 20/27
 37915 | Depths:4 | 37915 ||| Stepping ~*~*~tactically~*~*~ (outnumbered).
 37934 | Depths:4 | 37934 ||| DRINKING 24 potions of curing.
 37934 | Depths:4 | 37934 ||| (to cure confusion)
 37952 | Depths:4 | Killed the Enchantress
 38098 | Depths:4 | Found a shadowy altar of Dithmenos.
 38183 | Depths:4 | 38183 ||| INVOKING Finesse.
 38207 | Depths:4 | 38207 ||| INVOKING Heroism.
 38237 | Depths:4 | 38237 ||| READING scroll of enchant weapon.
 38237 | Depths:4 | 38237 ||| ENCHANTING +7 triple crossbow of chaos.
 38243 | Depths:4 | 38243 ||| FLEEEEING.
 38244 | Depths:4 | 38244 ||| FLEEEEING.
 38245 | Depths:4 | 38245 ||| FLEEEEING.
 38256 | Depths:4 | 38256 ||| FLEEEEING.
 38257 | Depths:4 | 38257 ||| FLEEEEING.
 38258 | Depths:4 | 38258 ||| FLEEEEING.
 38259 | Depths:4 | 38259 ||| STAIRDANCE
 38313 | Depths:3 | 38313 ||| UPGRADING to +2 faerie dragon scales {rF+ rCorr}.
 38323 | Depths:3 | 38323 ||| DROPPING +2 robe of resistance.
 38563 | Depths:4 | 38563 ||| INVOKING Heroism.
 38644 | Depths:4 | Noticed Xtahua
 38647 | Depths:4 | 38647 ||| INVOKING Heroism.
 38654 | Depths:4 | Killed Xtahua
 38655 | Depths:4 | 38655 ||| Stepping ~*~*~tactically~*~*~ (cloud).
 38688 | Depths:4 | Identified the +8 sling "Qacw" {freeze, rN++}
 38746 | Depths:4 | Identified the +7 war axe "Orb Guardian's Foe" {drain,
                  | Int+3}
 38965 | Depths:4 | 38965 ||| INVOKING Heroism.
 38980 | Depths:4 | Reached skill level 21 in Ranged Weapons
 38987 | Depths:4 | Received a gift from Okawaru
 39166 | Depths:4 | Found a gate to the Realm of Zot.
 39166 | Depths:4 | Noticed a golden dragon
 39167 | Depths:4 | 39167 ||| INVOKING Heroism.
 39171 | Depths:4 | Killed a golden dragon
 39176 | Depths:4 | 39176 ||| Stepping ~*~*~tactically~*~*~ (cloud).
 39177 | Depths:4 | 39177 ||| Stepping ~*~*~tactically~*~*~ (cloud).
 39184 | Depths:4 | 39184 ||| Stepping ~*~*~tactically~*~*~ (cloud).
 39534 | Depths:4 | 39534 ||| INVOKING Heroism.
 39739 | Depths:4 | 39739 ||| PLANNING VAULTS:5
 39919 | Vaults:5 | Entered Level 5 of the Vaults
 39922 | Vaults:5 | 39922 ||| INVOKING Heroism.
 39937 | Vaults:5 | 39937 ||| STAIRDANCE
 39957 | Vaults:4 | 39957 ||| INVOKING Heroism.
 40180 | Vaults:5 | 40180 ||| INVOKING Heroism.
 40186 | Vaults:5 | Noticed a golden dragon
 40189 | Vaults:5 | Noticed an ancient lich
 40194 | Vaults:5 | 40194 ||| STAIRDANCE
 40197 | Vaults:4 | HP: 52/222 [golden dragon (4)]
 40198 | Vaults:4 | 40198 ||| READING 14 scrolls of teleportation.
 40199 | Vaults:4 | 40199 ||| DRINKING 11 potions of heal wounds.
 40201 | Vaults:4 | 40201 ||| DRINKING 10 potions of heal wounds.
 40202 | Vaults:4 | 40202 ||| DRINKING 9 potions of heal wounds.
 40486 | Vaults:4 | 40486 ||| INVOKING Heroism.
 40526 | Vaults:5 | 40526 ||| STAIRDANCE
 40528 | Vaults:4 | 40528 ||| INVOKING Heroism.
 40541 | Vaults:4 | Killed an ancient lich
 40812 | Vaults:5 | Reached skill level 27 in Fighting
 40818 | Vaults:5 | 40818 ||| INVOKING Heroism.
 40823 | Vaults:5 | 40823 ||| INVOKING Finesse.
 40827 | Vaults:5 | Noticed a dread lich
 40831 | Vaults:5 | Noticed a dread lich
 40845 | Vaults:5 | Killed a dread lich
 40862 | Vaults:5 | 40862 ||| Stepping ~*~*~tactically~*~*~ (outnumbered).
 40862 | Vaults:5 | HP: 32/224 [???[a dread lich] (29)]
 40863 | Vaults:5 | 40863 ||| READING 13 scrolls of teleportation.
 40864 | Vaults:5 | 40864 ||| DRINKING 8 potions of heal wounds.
 40865 | Vaults:5 | 40865 ||| DRINKING 7 potions of heal wounds.
 40875 | Vaults:5 | Received a gift from Okawaru
 40880 | Vaults:5 | 40880 ||| INVOKING Heroism.
 40937 | Vaults:5 | 40937 ||| Stepping randomly (disturbance).
 40938 | Vaults:5 | 40938 ||| Stepping randomly (disturbance).
 40939 | Vaults:5 | 40939 ||| Stepping randomly (disturbance).
 40940 | Vaults:5 | 40940 ||| INVOKING Heroism.
 40980 | Vaults:5 | Noticed a dread lich
 40981 | Vaults:5 | 40981 ||| INVOKING Finesse.
 40983 | Vaults:5 | 40983 ||| INVOKING Heroism.
 40994 | Vaults:5 | Paralysed by something for 3 turns
 40997 | Vaults:5 | HP: 40/224 [Hell Sentinel[a dread lich] (20)]
 40998 | Vaults:5 | 40998 ||| READING 12 scrolls of teleportation.
 40999 | Vaults:5 | 40999 ||| DRINKING 6 potions of heal wounds.
 41000 | Vaults:5 | 41000 ||| DRINKING 5 potions of heal wounds.
 41002 | Vaults:5 | HP: 55/224 [Brimstone Fiend[a dread lich] (10)]
 41003 | Vaults:5 | 41003 ||| DRINKING 4 potions of heal wounds.
 41026 | Vaults:5 | 41026 ||| Stepping randomly (disturbance).
 41027 | Vaults:5 | 41027 ||| Stepping randomly (disturbance).
 41032 | Vaults:5 | Killed a dread lich
 41054 | Vaults:5 | 41054 ||| INVOKING Heroism.
 41060 | Vaults:5 | Reached XP level 22. HP: 96/233 MP: 27/29
 41180 | Vaults:5 | 41180 ||| INVOKING Heroism.
 41182 | Vaults:5 | Reached skill level 18 in Armour
 41417 | Vaults:5 | 41417 ||| INVOKING Heroism.
 41445 | Vaults:5 | 41445 ||| INVOKING Heroism.
 41636 | Vaults:5 | 41636 ||| INVOKING Heroism.
 41688 | Vaults:5 | 41688 ||| INVOKING Heroism.
 41744 | Vaults:5 | 41744 ||| INVOKING Heroism.
 41801 | Vaults:5 | Identified the +8 trident "Wiyxumoi" {heavy, rC+ MP+9
                  | Int+2}
 41841 | Vaults:5 | 41841 ||| INVOKING Heroism.
 41882 | Vaults:5 | 41882 ||| Stepping ~*~*~tactically~*~*~ (outnumbered).
 41891 | Vaults:5 | Identified the +9 flail of the Fox {speed, rPois rF- rN+
                  | Int+5}
 41892 | Vaults:5 | 41892 ||| INVOKING Heroism.
 41906 | Vaults:5 | Noticed an ancient lich
 41907 | Vaults:5 | 41907 ||| INVOKING Finesse.
 41921 | Vaults:5 | Killed an ancient lich
 42018 | Vaults:5 | 42018 ||| INVOKING Heroism.
 42101 | Vaults:5 | 42101 ||| INVOKING Heroism.
 42171 | Vaults:5 | Identified the +5 executioner's axe "Qonia" {freeze, rC+}
 42172 | Vaults:5 | 42172 ||| INVOKING Heroism.
 42225 | Vaults:5 | 42225 ||| INVOKING Heroism.
 42227 | Vaults:5 | Killed a dread lich
 42291 | Vaults:5 | Found Jugi's Antique Weapon Boutique.
 42298 | Vaults:5 | Identified the +0 leather armour "Forget-Me-Not" {Will++
                  | Str+5 Stlth-}
 42358 | Vaults:5 | Identified the ring of Immorality {rElec rF+ Will+ Int-2
                  | Dex+3}
 42371 | Vaults:5 | Got a silver rune of Zot
 42435 | Vaults:5 | 42435 ||| INVOKING Heroism.
 42501 | Vaults:5 | 42501 ||| INVOKING Heroism.
 42566 | Vaults:5 | 42566 ||| PLANNING SHOPPING SPREE
 42566 | Vaults:5 | 42566 ||| DROPPING +1 swamp dragon scales.
 42567 | Vaults:5 | 42567 ||| UPGRADING to quicksilver dragon scales.
 42577 | Vaults:5 | 42577 ||| DROPPING +0 troll leather armour.
 42578 | Vaults:5 | 42578 ||| DROPPING +0 leather armour "Forget-Me-Not"
                  | {Will++ Str+5 Stlth-}.
 42579 | Vaults:5 | 42579 ||| DROPPING +1 pair of boots.
 42580 | Vaults:5 | 42580 ||| DROPPING +1 ring mail of cold resistance.
 42581 | Vaults:5 | 42581 ||| UPGRADING to ring of Immorality {rElec rF+ Will+
                  | Int-2 Dex+3}.
 42583 | Vaults:5 | 42583 ||| PLANNING ZOT:1-4
 42844 | Zot:1    | Entered Level 1 of the Realm of Zot
 42846 | Zot:1    | 42846 ||| INVOKING Heroism.
 42862 | Zot:1    | 42862 ||| Stepping ~*~*~tactically~*~*~ (outnumbered).
 42864 | Zot:1    | 42864 ||| Stepping ~*~*~tactically~*~*~ (outnumbered).
 42867 | Zot:1    | Noticed Parghit
 42875 | Zot:1    | Killed Parghit
 42876 | Zot:1    | Reached skill level 21 in Armour
 43113 | Zot:1    | 43113 ||| INVOKING Heroism.
 43471 | Zot:1    | 43471 ||| INVOKING Heroism.
 43620 | Zot:2    | Noticed a golden dragon
 43621 | Zot:2    | 43621 ||| INVOKING Heroism.
 43623 | Zot:2    | 43623 ||| Stepping ~*~*~tactically~*~*~ (cloud).
 43627 | Zot:2    | 43627 ||| Stepping ~*~*~tactically~*~*~ (cloud).
 43630 | Zot:2    | Killed a golden dragon
 43692 | Zot:2    | 43692 ||| Stepping ~*~*~tactically~*~*~ (outnumbered).
 43723 | Zot:2    | Identified the +2 robe of Going Fast {rN++ Str+2 Dex-3
                  | Archmagi}
 43884 | Zot:2    | 43884 ||| Stepping ~*~*~tactically~*~*~ (outnumbered).
 43886 | Zot:2    | 43886 ||| Stepping ~*~*~tactically~*~*~ (outnumbered).
 43894 | Zot:2    | 43894 ||| INVOKING Heroism.
 44194 | Zot:2    | 44194 ||| FLEEEEING.
 44195 | Zot:2    | 44195 ||| FLEEEEING.
 44196 | Zot:2    | 44196 ||| FLEEEEING.
 44377 | Zot:2    | 44377 ||| Stepping ~*~*~tactically~*~*~ (outnumbered).
 44383 | Zot:2    | 44383 ||| INVOKING Heroism.
 44396 | Zot:2    | Reached skill level 12 in Invocations
 44594 | Zot:2    | 44594 ||| Stepping ~*~*~tactically~*~*~ (outnumbered).
 44595 | Zot:2    | 44595 ||| Stepping ~*~*~tactically~*~*~ (outnumbered).
 44596 | Zot:2    | 44596 ||| Stepping ~*~*~tactically~*~*~ (outnumbered).
 44610 | Zot:2    | Received a gift from Okawaru
 44804 | Zot:2    | 44804 ||| INVOKING Heroism.
 44805 | Zot:2    | 44805 ||| INVOKING Finesse.
 44860 | Zot:2    | Noticed a golden dragon
 44861 | Zot:2    | 44861 ||| INVOKING Finesse.
 44869 | Zot:2    | Killed a golden dragon
 44883 | Zot:2    | 44883 ||| INVOKING Heroism.
 44931 | Zot:2    | 44931 ||| Stepping ~*~*~tactically~*~*~ (outnumbered).
 44933 | Zot:2    | 44933 ||| Stepping ~*~*~tactically~*~*~ (outnumbered).
 44939 | Zot:2    | 44939 ||| Stepping ~*~*~tactically~*~*~ (outnumbered).
 44943 | Zot:2    | 44943 ||| Stepping ~*~*~tactically~*~*~ (cloud).
 44951 | Zot:2    | Reached XP level 23. HP: 186/240 MP: 31/31
 45183 | Zot:2    | Found a transporter.
 45259 | Zot:2    | 45259 ||| DROPPING +2 robe of Going Fast {rN++ Str+2 Dex-3
                  | Archmagi}.
 45332 | Zot:3    | 45332 ||| INVOKING Heroism.
 45357 | Zot:3    | Noticed Grunn
 45358 | Zot:3    | 45358 ||| INVOKING Heroism.
 45366 | Zot:3    | Killed Grunn
 45566 | Zot:3    | 45566 ||| Stepping ~*~*~tactically~*~*~ (outnumbered).
 45572 | Zot:3    | 45572 ||| INVOKING Heroism.
 45573 | Zot:3    | 45573 ||| Stepping ~*~*~tactically~*~*~ (outnumbered).
 45574 | Zot:3    | 45574 ||| Stepping ~*~*~tactically~*~*~ (outnumbered).
 45584 | Zot:3    | 45584 ||| Stepping ~*~*~tactically~*~*~ (outnumbered).
 45597 | Zot:3    | 45597 ||| Stepping ~*~*~tactically~*~*~ (cloud).
 45900 | Zot:3    | 45900 ||| INVOKING Heroism.
 45904 | Zot:3    | Received a gift from Okawaru
 46033 | Zot:3    | Noticed a Killer Klown
 46034 | Zot:3    | 46034 ||| INVOKING Heroism.
 46037 | Zot:3    | 46037 ||| DROPPING ring of willpower.
 46041 | Zot:3    | Killed a Killer Klown
 46043 | Zot:3    | 46043 ||| Stepping randomly (disturbance).
 46044 | Zot:3    | 46044 ||| Stepping randomly (disturbance).
 46051 | Zot:3    | Noticed a Killer Klown
 46056 | Zot:3    | Killed a Killer Klown
 46065 | Zot:3    | 46065 ||| Stepping randomly (disturbance).
 46072 | Zot:3    | Reached skill level 15 in Invocations
 46072 | Zot:3    | 46072 ||| INVOKING Heroism.
 46652 | Zot:4    | 46652 ||| Stepping ~*~*~tactically~*~*~ (outnumbered).
 46658 | Zot:4    | 46658 ||| INVOKING Heroism.
 46659 | Zot:4    | 46659 ||| Stepping ~*~*~tactically~*~*~ (outnumbered).
 46661 | Zot:4    | 46661 ||| Stepping ~*~*~tactically~*~*~ (outnumbered).
 46755 | Zot:4    | 46755 ||| INVOKING Heroism.
 46955 | Zot:4    | Received a gift from Okawaru
 46977 | Zot:4    | 46977 ||| Stepping randomly (disturbance).
 46999 | Zot:4    | 46999 ||| FLEEEEING.
 47009 | Zot:4    | Lost intelligence.
 47012 | Zot:4    | HP: 29/240 [white draconian/blast of cold[a red draconian
                  | scorcher] (43)]
 47013 | Zot:4    | 47013 ||| REMOVING ring of Immorality {rElec rF+ Will+
                  | Int-2 Dex+3}.
 47014 | Zot:4    | 47014 ||| DRINKING 6 potions of heal wounds.
 47018 | Zot:4    | HP: 55/240 [white draconian/+0 glaive[a red draconian
                  | scorcher] (8)]
 47019 | Zot:4    | 47019 ||| DRINKING 5 potions of heal wounds.
 47026 | Zot:4    | HP: 58/240 [something (6)]
 47027 | Zot:4    | 47027 ||| DRINKING 4 potions of heal wounds.
 47247 | Zot:4    | 47247 ||| INVOKING Heroism.
 47264 | Zot:4    | 47264 ||| INVOKING Finesse.
 47275 | Zot:4    | 47275 ||| DRINKING 4 potions of cancellation.
 47494 | Zot:4    | 47494 ||| READING scroll of brand weapon.
 47494 | Zot:4    | 47494 ||| BRANDING +8 triple crossbow of chaos.
 47568 | Zot:4    | Identified the +1 robe "Wesuniz" {Int+2}
 47707 | Zot:4    | 47707 ||| PLANNING ORB
 47707 | Zot:4    | 47707 ||| DROPPING +1 robe "Wesuniz" {Int+2}.
 47708 | Zot:4    | 47708 ||| UPGRADING to +2 faerie dragon scales {rF+ rCorr}.
 47718 | Zot:4    | 47718 ||| UPGRADING to +6 ring of dexterity.
 47764 | Zot:5    | Entered Level 5 of the Realm of Zot
 47808 | Zot:5    | 47808 ||| Stepping ~*~*~tactically~*~*~ (outnumbered).
 47810 | Zot:5    | 47810 ||| Stepping ~*~*~tactically~*~*~ (outnumbered).
 47812 | Zot:5    | 47812 ||| Stepping ~*~*~tactically~*~*~ (outnumbered).
 47840 | Zot:5    | 47840 ||| FLEEEEING.
 47841 | Zot:5    | 47841 ||| FLEEEEING.
 47842 | Zot:5    | 47842 ||| FLEEEEING.
 47843 | Zot:5    | 47843 ||| FLEEEEING.
 47844 | Zot:5    | 47844 ||| FLEEEEING.
 47845 | Zot:5    | 47845 ||| FLEEEEING.
 47846 | Zot:5    | 47846 ||| FLEEEEING.
 47847 | Zot:5    | 47847 ||| FLEEEEING.
 47848 | Zot:5    | 47848 ||| Stepping ~*~*~tactically~*~*~ (outnumbered).
 47862 | Zot:5    | 47862 ||| INVOKING Heroism.
 47863 | Zot:5    | 47863 ||| INVOKING Finesse.
 48018 | Zot:5    | 48018 ||| INVOKING Heroism.
 48089 | Zot:5    | 48089 ||| INVOKING Heroism.
 48091 | Zot:5    | 48091 ||| Stepping ~*~*~tactically~*~*~ (cloud).
 48114 | Zot:5    | Noticed an orb of fire
 48115 | Zot:5    | 48115 ||| INVOKING Finesse.
 48125 | Zot:5    | Killed an orb of fire
 48132 | Zot:5    | Noticed an ancient lich
 48133 | Zot:5    | Killed an ancient lich
 48134 | Zot:5    | Reached skill level 18 in Invocations
 48142 | Zot:5    | Noticed an orb of fire
 48144 | Zot:5    | Gained mutation: You are frail. (-10% HP) [an orb of fire]
 48163 | Zot:5    | Gained mutation: Your magical capacity is low. (-10% MP)
                  | [an orb of fire]
 48165 | Zot:5    | Killed an orb of fire
 48180 | Zot:5    | 48180 ||| INVOKING Heroism.
 48269 | Zot:5    | Noticed a Killer Klown
 48270 | Zot:5    | 48270 ||| INVOKING Heroism.
 48271 | Zot:5    | 48271 ||| INVOKING Finesse.
 48275 | Zot:5    | Noticed a Killer Klown
 48278 | Zot:5    | Killed a Killer Klown
 48279 | Zot:5    | Reached XP level 24. HP: 141/224 MP: 25/31
 48290 | Zot:5    | Killed a Killer Klown
 48374 | Zot:5    | 48374 ||| Stepping randomly (disturbance).
 48374 | Zot:5    | Received a gift from Okawaru
 48374 | Zot:5    | Found the +3 warlock's mirror {omnireflect}
 48375 | Zot:5    | 48375 ||| Stepping randomly (disturbance).
 48431 | Zot:5    | 48431 ||| DRINKING 12 potions of mutation.
 48431 | Zot:5    | Lost mutation: Your magical capacity is low. (-10% MP)
                  | [potion of mutation]
 48431 | Zot:5    | Lost mutation: You are agile. (Dex +4, Str/Int -1) [potion
                  | of mutation]
 48431 | Zot:5    | Gained mutation: You have hidden genetic potential. [potion
                  | of mutation]
 48431 | Zot:5    | Lost mutation: You are frail. (-10% HP) [potion of
                  | mutation]
 48431 | Zot:5    | Gained mutation: You expend magic power (3 MP) to
                  | strengthen your wands. [potion of mutation]
 48489 | Zot:5    | 48489 ||| INVOKING Heroism.
 48650 | Zot:5    | 48650 ||| INVOKING Heroism.
 48735 | Zot:5    | 48735 ||| INVOKING Finesse.
 48797 | Zot:5    | Got the Orb of Zot
 48798 | Zot:5    | 48798 ||| PLANNING ESCAPE
 48798 | Zot:5    | 48798 ||| UPGRADING to quicksilver dragon scales.
 48800 | Zot:5    | 48800 ||| UPGRADING to quicksilver dragon scales.
 48801 | Zot:5    | Noticed Valar the pandemonium lord
 48802 | Zot:5    | 48802 ||| DRINKING 2 potions of haste.
 48803 | Zot:5    | 48803 ||| INVOKING Heroism.
 48804 | Zot:5    | 48804 ||| INVOKING Finesse.
 48805 | Zot:5    | 48805 ||| DRINKING 8 potions of might.
 48808 | Zot:5    | Noticed a dread lich
 48808 | Zot:5    | Noticed an orb of fire
 48809 | Zot:5    | Noticed an orb of fire
 48811 | Zot:5    | Noticed an orb of fire
 48815 | Zot:5    | Killed Valar the pandemonium lord
 48822 | Zot:5    | Killed an orb of fire
 48826 | Zot:5    | Killed an orb of fire
 48826 | Zot:5    | Noticed a Killer Klown
 48828 | Zot:5    | Killed a dread lich
 48835 | Zot:5    | Killed an orb of fire
 48835 | Zot:5    | Received a gift from Okawaru
 48846 | Zot:5    | Killed a Killer Klown
 48854 | Zot:5    | 48854 ||| UPGRADING to quicksilver dragon scales.
 48857 | Zot:5    | 48857 ||| UPGRADING to quicksilver dragon scales.
 48869 | Zot:5    | 48869 ||| UPGRADING to ring of Immorality {rElec rF+ Will+
                  | Int-2 Dex+3}.
 48882 | Zot:5    | 48882 ||| INVOKING Heroism.
 48928 | Zot:5    | 48928 ||| DRINKING potion of haste.
 48929 | Zot:5    | 48929 ||| INVOKING Finesse.
 48930 | Zot:5    | 48930 ||| DRINKING 7 potions of might.
 49212 | D:15     | 49212 ||| INVOKING Heroism.
 49213 | D:15     | 49213 ||| DRINKING 6 potions of might.
 49359 | D:9      | Noticed Takum the pandemonium lord
 49359 | D:9      | 49359 ||| INVOKING Heroism.
 49360 | D:9      | 49360 ||| DRINKING 5 potions of might.
 49363 | D:9      | 49363 ||| READING 17 scrolls of teleportation.
 49363 | D:9      | HP: 44/249 [Takum the pandemonium lord (34)]
 49364 | D:9      | 49364 ||| DRINKING 3 potions of heal wounds.
 49365 | D:9      | 49365 ||| DRINKING 2 potions of heal wounds.
 49366 | D:9      | 49366 ||| DRINKING potion of heal wounds.
 49374 | D:9      | Killed Takum the pandemonium lord
 49375 | D:9      | Reached skill level 21 in Invocations
 49423 | D:8      | 49423 ||| FLEEEEING.
 49424 | D:8      | 49424 ||| FLEEEEING.
 49425 | D:8      | 49425 ||| FLEEEEING.
 49426 | D:8      | 49426 ||| FLEEEEING.
 49427 | D:8      | 49427 ||| FLEEEEING.
 49428 | D:8      | 49428 ||| FLEEEEING.
 49429 | D:8      | 49429 ||| FLEEEEING.
 49430 | D:8      | 49430 ||| FLEEEEING.
 49431 | D:8      | 49431 ||| FLEEEEING.
 49432 | D:8      | 49432 ||| FLEEEEING.
 49433 | D:8      | 49433 ||| FLEEEEING.
 49434 | D:8      | 49434 ||| FLEEEEING.
 49435 | D:8      | 49435 ||| FLEEEEING.
 49436 | D:8      | 49436 ||| FLEEEEING.
 49437 | D:8      | 49437 ||| FLEEEEING.
 49438 | D:8      | 49438 ||| FLEEEEING.
 49439 | D:8      | 49439 ||| FLEEEEING.
 49440 | D:8      | 49440 ||| FLEEEEING.
 49441 | D:8      | 49441 ||| FLEEEEING.
 49442 | D:8      | 49442 ||| FLEEEEING.
 49443 | D:8      | 49443 ||| INVOKING Heroism.
 49451 | D:8      | 49451 ||| STAIRDANCE
 49579 | D:1      | Noticed Cuot the pandemonium lord
 49579 | D:1      | 49579 ||| INVOKING Heroism.
 49580 | D:1      | 49580 ||| DRINKING 4 potions of might.
 49586 | D:1      | Killed Cuot the pandemonium lord
 49599 | D:$      | Escaped with the Orb!

Levels and vault maps discovered:
D:1:      dpeg_arrival_simpleton_a, layout_basic
D:2:      layout_rooms, basic_altar, chequers_arboretum, uniq_sigmund
D:3:      layout_loops_ring, nicolae_ru_sacrificial_ziggurat,
          nicolae_ecumenical_pavilion
D:4:      layout_basic
D:5:      layout_rooms, nemelex_spade_bored_becter, trog_ov_bears_minmay,
          nicolae_ossuary_entry_ruins
D:6:      layout_loops_corners, okawaru_trees_1, temple_statues, serial_shops,
          nicolae_shop_real_fake_doors, nicolae_underground_beach,
          uniq_prince_ribbit1
D:7:      layout_loops_corners, mainiacjoe_overflow_cross_hatched,
          serial_bayou_pond_a, chequers_serial_rivers_small_b,
          minmay_lizard_king
D:8:      kennysheep_windowed_halls, layout_cave_pods, cheibriados_altar_1,
          grunt_lair_entry_orc_guard_hut, uniq_gastronok
D:9:      layout_roguey, demons_altar, mainiacjoe_overflow_big_doors,
          uniq_joseph
D:10:     layout_layer_cave, mainiacjoe_overflow_paths, hiddenorc1_lemuel,
          enter_bailey_3, chequers_guarded_unrand_ignorance, uniq_fannar,
          uniq_erolcha
D:11:     minmay_the_grid_square_5x5_3x3
          [minmay_the_grid_square_5x5_doubleslash,
          minmay_the_grid_square_5x5_shrine1, minmay_the_grid_square_5x5_z,
          minmay_the_grid_square_5x5_spiral_small,
          minmay_the_grid_square_5x5_megaprize_hollow,
          minmay_the_grid_square_5x5_seven,
          minmay_the_grid_square_5x5_misaligned,
          minmay_the_grid_square_5x5_fat_x, minmay_the_grid_square_5x5_meh],
          layout_stronghold, biasface_ghost_orc_armoury
D:12:     layout_roguey [special_room_orc], nicolae_figureground_pulse,
          uniq_lodul
D:13:     dreamdust_labyrinth, layout_irregular_city, david_vaults_5
D:14:     layout_rooms, enter_trove_3, grunt_decor_clamped, uniq_roxanne,
          uniq_agnes
D:15:     hangedman_depths_entry_civil_slaughter, layout_basic,
          nicolae_uskayaw_murder_on_the_dancefloor, kiku_gazebo_garden_becter,
          uniq_kirke, uniq_louise
Temple:   nicolae_temple_ecumenical_triangle
Lair:1:   layout_loops_ring, uniq_sonja
Lair:2:   beast_lair_carwin_large_4, layout_gridlike,
          nicolae_spider_entry_non_spiders, hangedman_tree_tricks
Lair:3:   layout_cave_pods, nicolae_swamp_entry_splash_gauntlet
Lair:4:   layout_long_grid, grunt_forest_small_clearings
Lair:5:   grunt_lair_end_beastmaster, layout_hall_layers, slime_entry_1
Swamp:1:  layout_falls_marsh, hangedman_swamp_blocks, swamp_pool5, uniq_jorgrun,
          uniq_donald
Swamp:2:  layout_basic_swamp, nicolae_swamp_well_well_well, swamp_pool3,
          cheibrodos_swamp_witchery
Swamp:3:  layout_falls_marsh, gammafunk_ghost_mausoleum, nicolae_swamp_oxbows
Swamp:4:  nzn_swamp_witches_coven, layout_basic_swamp, swamp_pool1,
          nicolae_swamp_baby_hydras
Spider:1: layout_spider_delve
Spider:2: layout_spider_delve, uniq_arachne
Spider:3: layout_spider_delve
Spider:4: grunt_spider_rune_island, hellmonk_test_site, uniq_mlioglotl,
          uniq_aizul, uniq_bai_suzhen
Orc:1:    layout_caves, lightli_orcish_oven
Orc:2:    st_orc_mages, layout_diamond_mine, enter_volcano_2, serial_shops, shop
Vaults:1: vaults_mumra_minichess_inversion, nicolae_vaults_little_ls,
          nicolae_vaults_branching_niches, nicolae_vaults_disjoint_gnomons,
          nicolae_vaults_doubleplus_tesselated, nicolae_vaults_rhombus_6,
          ontoclasm_vaults_chip, vaults_mumra_hex, nicolae_vaults_double_plus_3,
          hangedman_vaults_stream, v_misc_15, nicolae_vaults_trapezoid_4,
          layout_vaults_maze
Vaults:2: hangedman_vaults_slice, nicolae_vaults_yaktaur_gun_rack,
          nicolae_vaults_surprise_closet_hard, v_pattern_5, v_misc_8,
          nicolae_vaults_circle_grid_a, vaults_mumra_lcd,
          nicolae_vaults_layer_cake_slice, minmay_crypt_entry_skeletal_spiral,
          hangedman_vaults_maws, nicolae_vaults_storage_closets_2,
          layout_vaults_big_room
Vaults:3: gammafunk_dig_for_victory, v_pattern_1, ontoclasm_vaults_bender,
          nicolae_vaults_offset_grid_hallway_3, vaults_room_stairs_pillars,
          nicolae_vaults_double_plus_1, nicolae_vaults_tetromino_L_2,
          nicolae_vaults_little_squares_4, nicolae_vaults_little_squares_1,
          nicolae_vaults_sightless_eye, layout_vaults_omnicross, serial_shops,
          nicolae_shop_crystal, uniq_sojobo
Vaults:4: ontoclasm_vaults_ring_square, nicolae_vaults_little_squares_5,
          v_misc_25, nicolae_vaults_storage_room_glass, v_misc_1,
          vaults_mumra_chevron_long, nicolae_vaults_circle_grid_b, v_rooms_1,
          nicolae_vaults_cornered_office, v_misc_30,
          nicolae_vaults_mini_display_case, nicolae_vaults_diamond_2,
          grunt_vaults_funnel, layout_vaults_ring
Vaults:5
Depths:1: layout_basic, enter_ziggurat_c, serial_aquarium,
          aquarium_bridge_square [aquarium_subvault_wall,
          aquarium_subvault_bridge, aquarium_subvault_bridge,
          aquarium_subvault_balcony], aquarium_window_fake,
          aquarium_window_corridor_1, aquarium_window_fake, aquarium_window_2,
          aquarium_view_2e, aquarium_view_2b, hell_entry, kennysheep_dice,
          uniq_nikola
Depths:2: hangedman_elemental_death_ray, layout_cave_pools,
          rand_demon_pan_entry_8, serial_shops, nicolae_shop_overgrown_old_shop,
          pf_hell_entry_tar_spiral, st_stairs_3, lemuel_angel_altar
Depths:3: minmay_angry_zag, layout_twisted_cross, kennysheep_nondescript,
          hangedman_abyss_entry_splay, hell_entry, grunt_ministairs_6,
          grunt_qazlal_sundering, infiniplex_staircase_pool_2
Depths:4: grunt_bruiser_brothers, layout_gridlike, grunt_hell_entry_dis_old,
          abyss_entry_crystal, glass_columns_b, nicolae_dithmenos_shadow_blocks,
          uniq_enchantress, uniq_xtahua
Zot:1:    layout_concentric_octagons, uniq_parghit
Zot:2:    layout_gridlike, nicolae_diode_basic, grunt_megastairs_5
Zot:3:    layout_basic, st_stairs_6, grunt_ministairs_10, uniq_grunn
Zot:4:    layout_misc_corridors
Zot:5:    layout_misc_corridors

Skill      XL: |  1  2  3  4  5  6  7  8  9 10 11 12 13 14 15 16 17 18 19 20 21 22 23 24 |
---------------+-------------------------------------------------------------------------+-----
Ranged Weapons | 5 7 8 9 15 16 18 19 22 | 22.0
Fighting       | 3 4 5 7 9 11 12 13 15 17 19 21 22 24 26 27 | 27.0
Dodging        | 3 4 6 8 10 12 14 17 19 21 22 | 22.0
Armour         | 1 4 6 8 9 10 14 16 17 22 | 22.0
Invocations    | 1 4 8 10 11 12 18 21 | 21.2
Stealth        | |  0.7

Action                     |  1- 3 |  4- 6 |  7- 9 | 10-12 | 13-15 | 16-18 | 19-21 | 22-24 || total
---------------------------+-------+-------+-------+-------+-------+-------+-------+-------++-------
   Fire: Shortbow          |    72 |   133 |   247 |   265 |       |       |       |       ||   717
         Orcbow            |       |       |       |   448 |       |       |       |       ||   448
         Arbalest          |       |       |       |    36 |   943 |  1188 |   657 |       ||  2824
         Longbow           |       |       |       |       |       |    11 |       |       ||    11
         Triple crossbow   |       |       |       |       |       |       |   536 |   900 ||  1436
 Invoke: Heroism           |       |       |       |    30 |    35 |    34 |    46 |    44 ||   189
         Finesse           |       |       |       |       |    13 |    15 |    20 |    10 ||    58
    Use: Scroll            |     5 |     9 |     8 |     4 |     4 |     1 |    12 |     2 ||    45
         Potion            |       |     5 |     3 |     1 |     4 |     4 |     9 |    15 ||    41
 Armour: Leather armour    |     5 |     2 |    39 |    25 |    18 |       |       |       ||    89
         Ring mail         |       |       |       |    31 |       |       |       |       ||    31
         Robe              |       |       |       |     9 |     5 |    60 |    24 |       ||    98
         Troll leather arm |       |       |       |       |    38 |    16 |       |       ||    54
         Swamp dragon scal |       |       |       |       |       |    25 |    15 |       ||    40
         Acid dragon scale |       |       |       |       |       |       |    36 |    22 ||    58
         Quicksilver drago |       |       |       |       |       |       |       |    90 ||    90
  Dodge: Dodged            |    16 |    37 |   101 |   277 |   511 |   904 |  1321 |  1014 ||  4181

Table legend:
 A = Non-vault XP
 B = Vault XP
 C = Vault XP percentage of total XP
 D = Non-vault monster count
 E = Vault monster count
 F = Vault count percentage of total count
                 A         B        C        D         E       F
            +---------+---------+-------+---------+---------+-------
      Total |  588637 |  470521 |  44.4 |    1127 |     642 |  36.3
            +---------+---------+-------+---------+---------+-------
        D:1 |      29 |       0 |   0.0 |      18 |       0 |   0.0
        D:2 |      92 |     231 |  71.5 |      26 |       1 |   3.7
        D:3 |     154 |       0 |   0.0 |      25 |       0 |   0.0
        D:4 |     180 |       0 |   0.0 |      15 |       0 |   0.0
        D:5 |     633 |     261 |  29.2 |      18 |       2 |  10.0
        D:6 |     435 |     255 |  37.0 |      15 |       1 |   6.2
        D:7 |     736 |     384 |  34.3 |      17 |       4 |  19.0
        D:8 |     603 |    4894 |  89.0 |      10 |      27 |  73.0
        D:9 |    2452 |     600 |  19.7 |      23 |       4 |  14.8
       D:10 |    3194 |    1948 |  37.9 |      18 |      22 |  55.0
       D:11 |    2508 |    3918 |  61.0 |      24 |      13 |  35.1
       D:12 |    3115 |    2730 |  46.7 |       9 |      36 |  80.0
       D:13 |    3843 |     889 |  18.8 |       9 |       1 |  10.0
       D:14 |   11658 |    2748 |  19.1 |      25 |       2 |   7.4
       D:15 |   15865 |    7395 |  31.8 |      25 |      11 |  30.6
     Lair:1 |    4605 |     776 |  14.4 |      20 |       1 |   4.8
     Lair:2 |    3655 |    4792 |  56.7 |      19 |      26 |  57.8
     Lair:3 |    6305 |    1783 |  22.0 |      20 |       5 |  20.0
     Lair:4 |    4900 |       0 |   0.0 |      25 |       0 |   0.0
     Lair:5 |   11991 |    8371 |  41.1 |      30 |      18 |  37.5
    Swamp:1 |    7739 |    3588 |  31.7 |      23 |       5 |  17.9
    Swamp:2 |    7781 |    1344 |  14.7 |      16 |       1 |   5.9
    Swamp:3 |   15656 |       0 |   0.0 |      29 |       0 |   0.0
    Swamp:4 |   15169 |   35064 |  69.8 |      28 |      45 |  61.6
   Spider:1 |   20956 |       0 |   0.0 |      48 |       0 |   0.0
   Spider:2 |   12837 |    2228 |  14.8 |      32 |       1 |   3.0
   Spider:3 |   11214 |       0 |   0.0 |      27 |       0 |   0.0
   Spider:4 |   12783 |   24372 |  65.6 |      31 |      33 |  51.6
      Orc:1 |    3336 |      15 |   0.4 |      22 |       5 |  18.5
      Orc:2 |    4151 |    5644 |  57.6 |      26 |      42 |  61.8
   Vaults:1 |   18091 |   32815 |  64.5 |      28 |      44 |  61.1
   Vaults:2 |   23509 |   24541 |  51.1 |      41 |      40 |  49.4
   Vaults:3 |   16367 |   16897 |  50.8 |      25 |      15 |  37.5
   Vaults:4 |   19799 |   32011 |  61.8 |      25 |      31 |  55.4
   Vaults:5 |   23426 |   96005 |  80.4 |      39 |      76 |  66.1
   Depths:1 |   21266 |    5701 |  21.1 |      25 |       5 |  16.7
   Depths:2 |   34295 |   10237 |  23.0 |      46 |      16 |  25.8
   Depths:3 |   36305 |    6527 |  15.2 |      45 |       6 |  11.8
   Depths:4 |   20304 |   28381 |  58.3 |      23 |      26 |  53.1
      Zot:1 |   20830 |    2980 |  12.5 |      17 |       1 |   5.6
      Zot:2 |   42754 |    3551 |   7.7 |      38 |       4 |   9.5
      Zot:3 |   35242 |   11392 |  24.4 |      28 |       7 |  20.0
      Zot:4 |   45925 |       0 |   0.0 |      41 |       0 |   0.0
      Zot:5 |   41949 |   84198 |  66.7 |      33 |      35 |  51.5
    Ossuary |       0 |    1055 | 100.0 |       0 |      30 | 100.0
            +---------+---------+-------+---------+---------+-------
